Workbook
Name \0: #REF!
Name \0: #REF!
Name \0: #REF!
Name \A: #REF!
Name \A: #REF!
Name \B: #REF!
Name \c: #REF!
Name \c: #REF!
Name \d: #REF!
Name \d: #REF!
Name \e: #REF!
Name \e: #REF!
Name \F: #REF!
Name \F: #REF!
Name \G: #REF!
Name \I: #REF!
Name \J: #REF!
Name \l: #REF!
Name \l: #REF!
Name \M: #REF!
Name \n: #REF!
Name \o: #REF!
Name \P: #REF!
Name \r: #REF!
Name \r: #REF!
Name \s: #REF!
Name \v: #REF!
Name \w: #REF!
Name \w: #REF!
Name \x: #REF!
Name \x: #REF!
Name \y: #REF!
Name \y: #REF!
Name \z: #REF!
Name \z: #REF!
Name _\T: #REF!
Name ________FAS109: #REF!
Name _______BEG1: #REF!
Name _______BEG1: #REF!
Name _______BEG2: #REF!
Name _______END1: #REF!
Name _______END2: #REF!
Name _______FAS109: #REF!
Name _______sam1: #REF!
Name ______BEG1: #REF!
Name ______BEG2: #REF!
Name ______END1: #REF!
Name ______END2: #REF!
Name ______EPS03: #REF!
Name ______EPS03: #REF!
Name ______EPS04: #REF!
Name ______EPS04: #REF!
Name ______EPS05: #REF!
Name ______EPS05: #REF!
Name ______EPS06: #REF!
Name ______EPS06: #REF!
Name ______EPS07: #REF!
Name ______EPS07: #REF!
Name ______FAS109: #REF!
Name ______FAS109: #REF!

Sheet FF1 to A3.1 Tie Out
A4: Black Hills Colorado Electric, LLC
A5: Actuals - For the 12 months ended 12/31/2023
B7: Account | C7: FERC Form 1 Ref | E7: 44926 | G7: 45291
A9: Deficient Deferred Income Taxes ("DDIT") | B9: 182.3 | C9: FF1 Pg 232 | D9: Line 10 | E9: 40533610 | G9: 40589421
A10: Exclude State DDIT from Formula Rate due to change in state blended tax rate to statutory | E10: -7744327 | G10: =-'182392 12.31.2023'!G29 -> -8634821
A11: FERC Formula DDIT per A3.1 | E11: =SUM(E9:E10) -> 32789283 | G11: =SUM(G9:G10) -> 31954600
A12: Check | E12: =E11-'A3.1-EDIT-DDIT'!F26-'A3.1-EDIT-DDIT'!F27 -> 1 | G12: =G11-'A3.1-EDIT-DDIT'!I26-'A3.1-EDIT-DDIT'!I27 -> -1
A19: Excess Deferred Income Taxes ("EDIT") | B19: 254 | C19: FF1 Pg 278 | D19: Line 3 | E19: -73604126 | G19: -72348134
A20: Exclude State EDIT from Formula Rate due to change in state blended tax rate to statutory | E20: -257867 | G20: =-'254015 12.31.23'!G30 -> 956174
A21: FERC Formula EDIT per A3.1 | E21: =SUM(E19:E20) -> -73861993 | G21: =SUM(G19:G20) -> -71391960
A22: Check | E22: =E21-'A3.1-EDIT-DDIT'!F24 -> 0 | G22: =G21-'A3.1-EDIT-DDIT'!I24 -> -1

Sheet Pg 232

Sheet Pg278

Sheet A3.1-EDIT-DDIT
A1: Worksheet A3.1
A2: Accumulated Excess / Deficient Deferred Income Taxes ("EDIT"/"DDIT") (Note A, H)
A3: Black Hills Colorado Electric, LLC
A4: Actuals - For the 12 months ended 12/31/2023
F7: 44896 | G7: 2023 | H7: 2023 | I7: 45261 | L7: =+F7 -> 44896 | M7: =+G7 -> 2023 | N7: =H7 -> 2023 | O7: =I7 -> 45261
A8: No. | B8: (a) | C8: (a1) | D8: (a2) | E8: (a3) | F8: (b) | G8: (c) | H8: (d) | I8: (e) | J8: (f) | L8: (g) | M8: (h) | N8: (i) | O8: (j) | P8: (k) | Q8: (l)
A10: Line No. | B10: Item (Note A1) | C10: Vintage | D10: Account | E10: Form No. 1 Page (Note I) | F10: BOY Balance (Note B) | G10: Current Period Amortization (Note C) | H10: Current Period Other Activity (Note D) | I10: EOY Balance (Note E) | J10: Allocator (Note F) | L10: BOY Allocated Amount | M10: Current Amortization Allocated | N10: Current Period Other Activity Allocated | O10: EOY Allocated Amount | P10: Prorated (Yes/No) (Note G) | Q10: Amort Period or Method
A12: 1 | B12: NON PLANT DDIT/(EDIT)
A13: =A12+1 -> 2 | B13: Total Non-Protected Non-Property - DDIT (Note K) | C13: 2017 TCJA | F13: 0 | G13: 0 | H13: 0 | I13: 1e-09 | J13: 2017 NP | K13: 0.22680815 | L13: =F13*$K13 -> 0 | M13: =G13*$K13 -> 0 | N13: =H13*$K13 -> 0 | O13: =I13*$K13 -> 2.2680815e-10 | P13: Yes | Q13: One-Time Refund
A14: =A13+1 -> 3 | B14: … | L14: =F14*$K14 -> 0 | M14: =G14*$K14 -> 0 | N14: =H14*$K14 -> 0 | O14: =I14*$K14 -> 0
A15: 50 | B15: Total Non Plant Non-Protected DDIT/(EDIT) | F15: =SUM(F13:F14) -> 0 | G15: =SUM(G13:G14) -> 0 | H15: =SUM(H13:H14) -> 0 | I15: =SUM(I13:I14) -> 1e-09 | L15: =SUM(L13:L14) -> 0 | M15: =SUM(M13:M14) -> 0 | N15: =SUM(N13:N14) -> 0 | O15: =SUM(O13:O14) -> 2.2680815e-10
A17: 51 | B17: Deferred Tax Liability Non Plant (Note K) | C17: 2017 TCJA | F17: 0 | G17: 0 | H17: 0 | I17: 0 | J17: 2017 NP | K17: 0.22680815 | L17: =F17*$K17 -> 0 | M17: =G17*$K17 -> 0 | N17: =H17*$K17 -> 0 | O17: =I17*$K17 -> 0
A18: 52 | B18: … | L18: =F18*$K18 -> 0 | M18: =G18*$K18 -> 0 | N18: =H18*$K18 -> 0 | O18: =I18*$K18 -> 0
A19: 150 | B19: Total Deferred Tax Offset Non Plant | F19: =SUM(F17:F18) -> 0 | G19: =SUM(G17:G18) -> 0 | H19: =SUM(H17:H18) -> 0 | I19: =SUM(I17:I18) -> 0 | L19: =SUM(L17:L18) -> 0 | M19: =SUM(M17:M18) -> 0 | N19: =SUM(N17:N18) -> 0 | O19: =SUM(O17:O18) -> 0
A20: 151
A21: 152 | B21: Total Non Plant Non-Protected DDIT/(EDIT) (Net of Tax Gross Up) | F21: =F15+F19 -> 0 | G21: =G15+G19 -> 0 | H21: =H15+H19 -> 0 | I21: =I15+I19 -> 1e-09 | L21: =L15+L19 -> 0 | M21: =M15+M19 -> 0 | N21: =N15+N19 -> 0 | O21: =O15+O19 -> 2.2680815e-10
A23: 200 | B23: PLANT DDIT/(EDIT)
A24: =A23+1 -> 201 | B24: Total Protected Property - EDIT | C24: 2017 TCJA | D24: 254 | E24: Pg 278 Line 3 | F24: -73861993 | G24: =-'2023 ARAM and 2022 True Up'!J17 -> 2455249.2 | H24: =I24-G24-F24 -> 14784.434 | I24: ='254015 12.31.23'!I35+'254015 12.31.23'!G37 -> -71391959 | J24: 2017 NP | K24: 0.22680815 | L24: =F24*$K24 -> -16752502 | M24: =G24*$K24 -> 556870.52 | N24: =H24*$K24 -> 3353.2302 | O24: =I24*$K24 -> -16192278 | P24: Yes | Q24: ARAM
A25: =A24+1 -> 202 | B25: Total Non-Protected Property - EDIT (Note K) | C25: 2017 TCJA | F25: 0 | H25: =I25-G25-F25 -> 0 | I25: 0 | J25: 2017 NP | K25: 0.22680815 | L25: =F25*$K25 -> 0 | M25: =G25*$K25 -> 0 | N25: =H25*$K25 -> 0 | O25: =I25*$K25 -> 0 | P25: Yes | Q25: One-Time Refund
A26: =A25+1 -> 203 | B26: Total Protected Property - DDIT-NOL | C26: 2017 TCJA | D26: 182.3 | E26: Pg 232 Line 10 | F26: 31165737 | G26: =-'2023 ARAM and 2022 True Up'!J18 -> -1030090.3 | H26: =I26-G26-F26 -> 195379.34 | I26: ='182392 12.31.2023'!H35 -> 30331026 | J26: 2017 NP | K26: 0.22680815 | L26: =F26*$K26 -> 7068643.1 | M26: =G26*$K26 -> -233632.88 | N26: =H26*$K26 -> 44313.627 | O26: =I26*$K26 -> 6879323.9 | P26: Yes | Q26: ARAM
A27: =A26+1 -> 204 | B27: Total Non-Protected Property DDIT | D27: 182.3 | E27: Pg 232 Line 10 | F27: 1623545 | G27: =-'2023 ARAM and 2022 True Up'!J13 -> 39.722472 | H27: -9.7224723 | I27: ='182392 12.31.2023'!G36 -> 1623575 | L27: =F27*$K27 -> 0 | M27: =G27*$K27 -> 0 | N27: =H27*$K27 -> 0 | O27: =I27*$K27 -> 0 | P27: Yes | Q27: ARAM
A28: 299 | B28: Total Plant DDIT/(EDIT) | F28: =SUM(F24:F27) -> -41072711 | G28: =SUM(G24:G27) -> 1425198.5 | H28: =SUM(H24:H27) -> 210154.05 | I28: =SUM(I24:I27) -> -39437358 | L28: =SUM(L24:L27) -> -9683858.7 | M28: =SUM(M24:M27) -> 323237.63 | N28: =SUM(N24:N27) -> 47666.857 | O28: =SUM(O24:O27) -> -9312954.2
A30: 300 | B30: Deferred Tax Asset Plant | C30: 2017 TCJA | D30: 190 | F30: =-F24*'2023 ARAM and 2022 True Up'!$F$32 -> 18078461 | G30: =-G24*'2023 ARAM and 2022 True Up'!$F$32 -> -600946.79 | H30: =-H24*'2023 ARAM and 2022 True Up'!$F$32 -> -3618.6381 | I30: =SUM(F30:H30) -> 17473896 | J30: 2017 NP | K30: 0.22680815 | L30: =F30*$K30 -> 4100342.4 | M30: =G30*$K30 -> -136299.63 | N30: =H30*$K30 -> -820.73661 | O30: =I30*$K30 -> 3963222
A31: =A30+1 -> 301 | B31: Deferred Tax Liability Plant | C31: 2017 TCJA | D31: 283 | F31: =-(F26+F27)*'2023 ARAM and 2022 True Up'!$F$32 -> -8025504.7 | G31: =-(G26+G27)*'2023 ARAM and 2022 True Up'!$F$32 -> 252115.19 | H31: =-(H26+H27)*'2023 ARAM and 2022 True Up'!$F$32 -> -47818.668 | I31: =SUM(F31:H31) -> -7821208.1 | J31: 2017 NP | K31: 0.22680815 | L31: =F31*$K31 -> -1820249.9 | M31: =G31*$K31 -> 57181.78 | N31: =H31*$K31 -> -10845.664 | O31: =I31*$K31 -> -1773913.7
A32: =A31+1 -> 302 | B32: … | L32: =F32*$K32 -> 0 | M32: =G32*$K32 -> 0 | N32: =H32*$K32 -> 0 | O32: =I32*$K32 -> 0
A33: 350 | B33: Total Deferred Tax Offset Plant | F33: =SUM(F30:F32) -> 10052957 | G33: =SUM(G30:G32) -> -348831.6 | H33: =SUM(H30:H32) -> -51437.306 | I33: =SUM(I30:I32) -> 9652687.7 | L33: =SUM(L30:L32) -> 2280092.5 | M33: =SUM(M30:M32) -> -79117.849 | N33: =SUM(N30:N32) -> -11666.4 | O33: =SUM(O30:O32) -> 2189308.2
A34: =A33+1 -> 351
A35: =A34+1 -> 352 | B35: Total Plant DDIT/(EDIT) (Net of Tax Gross Up) | F35: =F28+F33 -> -31019754 | G35: =G28+G33 -> 1076366.9 | H35: =H28+H33 -> 158716.75 | I35: =I28+I33 -> -29784670 | L35: =L28+L33 -> -7403766.2 | M35: =M28+M33 -> 244119.79 | N35: =N28+N33 -> 36000.457 | O35: =O28+O33 -> -7123646
A37: 353 | B37: TOTALS
A38: =A37+1 -> 354
A39: =A38+1 -> 355 | B39: Total Excess/Deficient Deferred Income Taxes (Note I) | F39: =+F15+F28 -> -41072711 | G39: =+G15+G28 -> 1425198.5 | H39: =+H15+H28 -> 210154.05 | I39: =+I15+I28 -> -39437358 | L39: =+L15+L28 -> -9683858.7 | M39: =+M15+M28 -> 323237.63 | N39: =+N15+N28 -> 47666.857 | O39: =+O15+O28 -> -9312954.2
A40: =A39+1 -> 356 | B40: Total Deferred Tax Offset | F40: =F19+F33 -> 10052957 | G40: =G19+G33 -> -348831.6 | H40: =H19+H33 -> -51437.306 | I40: =I19+I33 -> 9652687.7 | L40: =L19+L33 -> 2280092.5 | M40: =M19+M33 -> -79117.849 | N40: =N19+N33 -> -11666.4 | O40: =O19+O33 -> 2189308.2
A41: =A40+1 -> 357 | B41: Total Excess/Deficient Deferred Income Taxes (Net of Tax Gross Up) (Note J) | F41: =SUM(F39:F40) -> -31019754 | G41: =SUM(G39:G40) -> 1076366.9 | H41: =SUM(H39:H40) -> 158716.75 | I41: =SUM(I39:I40) -> -29784670 | L41: =SUM(L39:L40) -> -7403766.2 | M41: =SUM(M39:M40) -> 244119.79 | N41: =SUM(N39:N40) -> 36000.457 | O41: =SUM(O39:O40) -> -7123646
A42: =A41+1 -> 358 | B42: Total Excess/Deficient Deferred Income Taxes Annual Average | I42: =(I39+F39)/2 -> -40255034 | O42: =(O39+L39)/2 -> -9498406.5
A43: =A42+1 -> 359 | B43: Weighted Average EDIT/DDIT Net Plant Allocator | O43: =O41/I41 -> 0.23917156
A45: Notes:
A46: A | B46: Upon a tax rate change, the Company remeasures its deferred tax assets and liabilities to the new applicable corporate tax rate. The result of this remeasurement is a change in the deferred taxes recorded in accounts 190, 282, and 283 with a corresponding change in regulatory assets or liabilities to reflect the impact to customers. The remeasurement is effectuated mathematically by taking the ADIT balance before the tax rate change and dividing by the prior tax rate to arrive at gross timing differences. Next, the new tax rate is applied against the balance of gross timing differences. The difference in the two results is reclassified from ADIT to regulatory assets/liabilities for deficient/excess ADIT. Accounts 182.3 Regulatory Asset for deficient ADIT and 254 Regulatory Liability for excess ADIT are presented grossed-up for tax purposes as is the amortization. Black Hills Colorado Electric, LLC would follow the process described above to remeasure ADIT balance (increase or decrease) due to any future income tax rate change. See Wkpr A3.2-EDIT-DDIT.dtl for detailed derivation. The FERC Form No. 1 reference in column (a3) will be populated beginning for the twelve months ended December 31, 2021 (2021 FERC Form 1).
A47: A1 | B47: The determination of an item as "Protected" versus "Non-Protected" has been and will be made in accordance with applicable tax code and regulations.
A48: B | B48: Beginning of Year ("BOY") balance is end of Prior Year balance reflected on FERC Form No. 1 p.232/278
A49: C | B49: DDIT or EDIT is reduced in the current period under the prescribed amortization method to account 410.1, Provision for Deferred Income Taxes, Utility Operating Income and 411.1, Provision for Deferred Income Taxes—Credit, Utility Operating Income, respectively.
A50: D | B50: Includes the impact of tax rate changes enacted during the period.
A51: E | B51: End of Year ("EOY") balance is the end of Current Year balance reflected on FERC Form No. 1. p.232/278
A52: F | B52: The "2017 NP" allocation code represents the "NP" allocator applied in formula rate filings for year-ended 2017. This allocation factor is applied to EDIT because it was the allocator in effect in the year in which the Tax Cuts and Jobs Act ("TCJA") was enacted. The 2017 Net Plant allocator must remain fixed and will not be updated each year. In the event the Company populates the data enterable fields for future income tax changes, the Company will support its chosen allocation factor for EDIT or DDIT as just and reasonable in its annual update following a change in tax rates.
A53: G | B53: With respect to Projected Transmission Rate filings, each EDIT/DDIT Item must be categorized into balances that require proration and those that do not. EDIT/DDIT items with a "Plant" Explanation code are generally subject to proration treatment consistent with the proration treatment of plant related ADIT in Account 282.
A54: H | B54: In the event the Company populates the data enterable fields for future income tax changes, the Company will support the data entered as just and reasonable in its annual update following a change in tax rates.
A55: I | B55: Prior to 2021, Black Hills Colorado net its regulatory assets and regulatory liabilities related to deficient deferred income taxes and excess deferred taxes in account 254 or associated subaccounts. Beginning in 2021, regulatory assets for deficient deferred income taxes are in account 182.3 and regulatory liabilities for excess deferred income taxes are in account 254.
A56: J | B56: The net amortization of the regulatory liability for excess deferred income taxes in Account 254 and the associated deferred tax asset in Account 190 is a positive number. The net amortization of the regulatory asset for deficient deferred income taxes in account 182.3 and the associated deferred tax liability in Account 283 is a negative number. The net amortization of excess deferred income taxes reduces income tax expense by the net amortization amount multiplied by (1/(1-T)) on Attachment H. The Excess or Deficient ADIT are amortized to Accounts 410.1 / 411.1.
A57: K | B57: Due to a one time refund in 2021 and for purposes of implementing initial rates, the balances on lines 2 and 202 reflect a one-time refund in 2021 rather than 2020 actuals. This one time adjustment occurred to avoid impacts in future rate years.

Sheet A3.2-EDIT-DDIT.dtl
A1: Worksheet A3.2
A2: (Excess)/Deficient Deferred Income Taxes - FERC Order 864 Worksheet -- Tax Rate Change
A3: Black Hills Colorado Electric, LLC
A4: Actuals - For the 12 months ended 12/31/2023
H5: Prior Year: | I5: 2017
H6: New Tax Rate? | I6: Yes
H7: New Rate: | I7: 0.203805
H8: Tax Gross Up Factor: | I8: 1.3272757
H9: Vintage Name: | I9: 2017 TCJA
B10: (Col 1) | C10: (Col 2) | D10: (Col 3) | E10: (Col 4) | F10: (Col 5) | G10: (Col 6) | H10: (Col 7) | I10: (Col 8)
D11: New Tax Rate Adjustment Calculation
D12: Company Records | E12: Company Records | F12: (C3) x New Rate | G12: = (C4) - (C5) | H12: = (C6) * Tax Gross Up Factor | I12: = (C6) - (C7)
A13: Line | C13: FERC Acct | D13: Accumulated (Taxable) / Deductible Book-to-Tax Differences | E13: Accumulated DIT Balances at Prior Tax Rate | F13: Accumulated DIT Balance at New Tax Rate | G13: (Excess) Deficient Def. Taxes at New Tax Rate | H13: (Excess) Deficient Def. Taxes with Tax Gross Up 182.3 / 254 Acct (Note A) | I13: Deferred Tax Offset (Note B)
A14: 1 | B14: Protected - Property
A15: 2 | B15: Method/Life | C15: 282 | D15: -4.5888965e+08 | E15: -1.5587334e+08 | F15: =+D15*$I$7 -> -93524006 | G15: =+E15-F15 -> -62349337 | H15: =+G15*$I$8 -> -82754757 | I15: =+G15-H15 -> 20405420
A16: 3 | B16: Cost of Removal | C16: 282 | D16: 12501555 | E16: 4246465.9 | F16: =+D16*$I$7 -> 2547879.5 | G16: =+E16-F16 -> 1698586.3 | H16: =+G16*$I$8 -> 2254492.3 | I16: =+G16-H16 -> -555905.95
A17: 4 | B17: Federal NOL | C17: 190 | D17: 1.9581664e+08 | E17: 66514018 | F17: =+D17*$I$7 -> 39908411 | G17: =+E17-F17 -> 26605607 | H17: =+G17*$I$8 -> 35312975 | I17: =+G17-H17 -> -8707367.4
A18: 5 | B18: … | F18: =+D18*$I$7 -> 0 | G18: =+E18-F18 -> 0 | H18: =+G18*$I$8 -> 0 | I18: =+G18-H18 -> 0
A19: 99 | D19: =SUM(D15:D18) -> -2.5057145e+08 | E19: =SUM(E15:E18) -> -85112859 | F19: =SUM(F15:F18) -> -51067715 | G19: =SUM(G15:G18) -> -34045143 | H19: =SUM(H15:H18) -> -45187290 | I19: =SUM(I15:I18) -> 11142146
A21: 100 | B21: Non-Protected - Property
A22: 101 | B22: 1603 Grant | C22: 282 | D22: 3480140.7 | E22: 1182116.8 | F22: =+D22*$I$7 -> 709270.08 | G22: =+E22-F22 -> 472846.72 | H22: =+G22*$I$8 -> 627597.94 | I22: =+G22-H22 -> -154751.22
A23: 102 | B23: 162 Ordinary & Necessary Business Deductions | C23: 282 | D23: -1367948.3 | E23: -464657.83 | F23: =+D23*$I$7 -> -278794.7 | G23: =+E23-F23 -> -185863.13 | H23: =+G23*$I$8 -> -246691.61 | I23: =+G23-H23 -> 60828.478
A24: 103 | B24: 174 Development & Engineering Costs | C24: 282 | D24: -18147933 | E24: -6164399.3 | F24: =+D24*$I$7 -> -3698639.6 | G24: =+E24-F24 -> -2465759.7 | H24: =+G24*$I$8 -> -3272742.8 | I24: =+G24-H24 -> 806983.11
A25: 104 | B25: Construction Work in Progress | C25: 282 | D25: 1890375.3 | E25: 642113.23 | F25: =+D25*$I$7 -> 385267.94 | G25: =+E25-F25 -> 256845.29 | H25: =+G25*$I$8 -> 340904.5 | I25: =+G25-H25 -> -84059.21
A26: 105 | B26: Construction Period Interest | C26: 282 | D26: 252398.56 | E26: 85733.481 | F26: =+D26*$I$7 -> 51440.089 | G26: =+E26-F26 -> 34293.392 | H26: =+G26*$I$8 -> 45516.785 | I26: =+G26-H26 -> -11223.392
A27: 106 | B27: Contribution in Aid of Construction | C27: 282 | D27: 22703548 | E27: 7711827.6 | F27: =+D27*$I$7 -> 4627096.6 | G27: =+E27-F27 -> 3084731.1 | H27: =+G27*$I$8 -> 4094288.4 | I27: =+G27-H27 -> -1009557.4
A28: =A27+1 -> 107 | B28: Tax Repairs Deduction | C28: 282 | D28: -35693416 | E28: -12124161 | F28: =+D28*$I$7 -> -7274496.6 | G28: =+E28-F28 -> -4849664.4 | H28: =+G28*$I$8 -> -6436841.5 | I28: =+G28-H28 -> 1587177.1
A29: =A28+1 -> 108 | B29: Capitalization of Overhead | C29: 282 | D29: -21027219 | E29: -7142420.7 | F29: =+D29*$I$7 -> -4285452.4 | G29: =+E29-F29 -> -2856968.3 | H29: =+G29*$I$8 -> -3791984.5 | I29: =+G29-H29 -> 935016.16
A30: =A29+1 -> 109 | B30: … | F30: =+D30*$I$7 -> 0 | G30: =+E30-F30 -> 0 | H30: =+G30*$I$8 -> 0 | I30: =+G30-H30 -> 0
A31: 199 | D31: =SUM(D22:D30) -> -47910054 | E31: =SUM(E22:E30) -> -16273848 | F31: =SUM(F22:F30) -> -9764308.6 | G31: =SUM(G22:G30) -> -6509539.1 | H31: =SUM(H22:H30) -> -8639952.7 | I31: =SUM(I22:I30) -> 2130413.6
A33: 200 | B33: Total Property Related (= L99 + L199) | D33: =+D19+D31 -> -2.9848151e+08 | E33: =+E19+E31 -> -1.0138671e+08 | F33: =+F19+F31 -> -60832024 | G33: =+G19+G31 -> -40554682 | H33: =+H19+H31 -> -53827243 | I33: =+I19+I31 -> 13272560
A35: 300 | B35: Non-Protected - Non-Property
A36: 301 | B36: Accrued Vacation | C36: 190 | D36: 186258.31 | E36: 63267.291 | F36: =+D36*$I$7 -> 37960.375 | G36: =+E36-F36 -> 25306.917 | H36: =+G36*$I$8 -> 33589.254 | I36: =+G36-H36 -> -8282.3376
A37: 302 | B37: Bad Debt Reserve | C37: 190 | D37: 7766143.4 | E37: 2637964.7 | F37: =+D37*$I$7 -> 1582778.8 | G37: =+E37-F37 -> 1055185.9 | H37: =+G37*$I$8 -> 1400522.5 | I37: =+G37-H37 -> -345336.65
A38: 303 | B38: Deferred Rate Case | C38: 283 | D38: -378023.27 | E38: -128405.05 | F38: =+D38*$I$7 -> -77043.033 | G38: =+E38-F38 -> -51362.022 | H38: =+G38*$I$8 -> -68171.561 | I38: =+G38-H38 -> 16809.539
A39: 304 | B39: Employee Compensation | C39: 190 | D39: 530487.2 | E39: 180193.24 | F39: =+D39*$I$7 -> 108115.94 | G39: =+E39-F39 -> 72077.296 | H39: =+G39*$I$8 -> 95666.44 | I39: =+G39-H39 -> -23589.144
A40: 305 | B40: Employee Group Insurance | C40: 190 | D40: 128516.5 | E40: 43653.842 | F40: =+D40*$I$7 -> 26192.305 | G40: =+E40-F40 -> 17461.537 | H40: =+G40*$I$8 -> 23176.273 | I40: =+G40-H40 -> -5714.7358
A41: 306 | B41: Insurance Reserve | C41: 190 | D41: 20319.93 | E41: 6902.1722 | F41: =+D41*$I$7 -> 4141.3033 | G41: =+E41-F41 -> 2760.8689 | H41: =+G41*$I$8 -> 3664.434 | I41: =+G41-H41 -> -903.56516
A42: 307 | B42: Line Extension Deposits | C42: 190 | D42: 2992922.6 | E42: 1016621 | F42: =+D42*$I$7 -> 609972.58 | G42: =+E42-F42 -> 406648.39 | H42: =+G42*$I$8 -> 539734.5 | I42: =+G42-H42 -> -133086.12
A43: 308 | B43: Pension | C43: 283 | D43: -9890835.7 | E43: -3359669.6 | F43: =+D43*$I$7 -> -2015801.8 | G43: =+E43-F43 -> -1343867.9 | H43: =+G43*$I$8 -> -1783683.1 | I43: =+G43-H43 -> 439815.22
A44: 309 | B44: Performance Plan | C44: 190 | D44: 10088.17 | E44: 3426.6991 | F44: =+D44*$I$7 -> 2056.0195 | G44: =+E44-F44 -> 1370.6797 | H44: =+G44*$I$8 -> 1819.2697 | I44: =+G44-H44 -> -448.59008
A45: 310 | B45: Power Plant Maintenance | C45: 190 | D45: 859042.77 | E45: 291795.35 | F45: =+D45*$I$7 -> 175077.21 | G45: =+E45-F45 -> 116718.14 | H45: =+G45*$I$8 -> 154917.15 | I45: =+G45-H45 -> -38199.006
A46: 311 | B46: Prepaid Expenses | C46: 283 | D46: -985985.08 | E46: -334914.48 | F46: =+D46*$I$7 -> -200948.69 | G46: =+E46-F46 -> -133965.79 | H46: =+G46*$I$8 -> -177809.53 | I46: =+G46-H46 -> 43843.742
A47: 312 | B47: PUC Fees | C47: 190 | D47: 465927.65 | E47: 158263.97 | F47: =+D47*$I$7 -> 94958.385 | G47: =+E47-F47 -> 63305.59 | H47: =+G47*$I$8 -> 84023.968 | I47: =+G47-H47 -> -20718.378
... A50: 315 | B50: Workman's Compensation | C50: 190 | D50: 364754.71 | E50: 123898.06 | F50: =+D50*$I$7 -> 74338.834 | G50: =+E50-F50 -> 49559.222 | H50: =+G50*$I$8 -> 65778.749 | I50: =+G50-H50 -> -16219.527
A51: 316 | B51: … | F51: =+D51*$I$7 -> 0 | G51: =+E51-F51 -> 0 | H51: =+G51*$I$8 -> 0 | I51: =+G51-H51 -> 0
A52: 400 | B52: Total Non-Property Related | D52: =SUM(D36:D51) -> 6629514.1 | E52: =SUM(E36:E51) -> 2251880.2 | F52: =SUM(F36:F51) -> 1351128.1 | G52: =SUM(G36:G51) -> 900752.08 | H52: =SUM(H36:H51) -> 1195546.3 | I52: =SUM(I36:I51) -> -294794.22
E53: =+E32+E51 -> 0
A54: 500 | B54: Grand Total (= L200 + L400) | D54: =+D33+D52 -> -2.9185199e+08 | E54: =+E33+E52 -> -99134826 | F54: =+F33+F52 -> -59480896 | G54: =+G33+G52 -> -39653930 | H54: =+H33+H52 -> -52631696 | I54: =+I33+I52 -> 12977766
A56: Notes:
A57: A | B57: Positive figures represent deficient deferred income tax regulatory assets, whereas negative figures represent excess deferred income tax regulatory liabilities. The Company presents the accounts grossed up for taxes with an offsetting deferred tax item to reflect the gross up.
A58: B | B58: The deferred tax offset may be an asset or liability depending on the character of the regulatory item. A regulatory liability is a temporary difference for which a deferred tax asset is recognized in Account 190. A regulatory asset is a temporary difference for which a deferred tax liability is recognized in account 283.

Sheet A3.1 Support>>

Sheet 2023 ARAM and 2022 True Up
A6: Total Protected Plant EDIT Docket | C6: -80585039
A7: Total Protected NOL DDIT EDIT Docket | C7: 35676736
H8: 2023 BHSC ARAM | J8: Total Refund in 202312
B9: 2022 Actuals | C9: 2022 Est | D9: 2022 True Up | F9: 2023 Est
B10: Tax Return | C10: Q4 Provision
B11: ='Rpt 260'!I8 -> 479 | C11: ='Rept 260'!I8 -> 471 | F11: ='Report 260'!I8 -> -30
A12: Non-Protected DDIT | B12: =B16 -> 1.3240824 | C12: =C16 -> 1.3240824 | F12: =F16 -> 1.3240824
B13: =B11*B12 -> 634.23547 | C13: =C11*C12 -> 623.64282 | F13: =F11*F12 -> -39.722472 | J13: =D13+F13+H13 -> -39.722472
A15: Protected ARAM before Gross Up | B15: ='Rpt 260'!K10 -> -1897713 | C15: ='Rept 260'!K10 -> -1970243 | F15: ='Report 260'!K10 -> -1829764
A16: Tax Gross Up Factor | B16: =B34 -> 1.3240824 | C16: =$C34 -> 1.3240824 | F16: =$F34 -> 1.3240824
A17: Protected EDIT | B17: =B15*B16 -> -2512728.4 | C17: =C15*C16 -> -2608764.1 | D17: =B17-C17 -> 96035.697 | F17: =F15*F16 -> -2422758.3 | H17: ='BHSC SC ARAM'!I47 -> -128526.53 | J17: =D17+F17+H17 -> -2455249.2
A18: NOL | B18: =B17/C6*C7 -> 1112439.1 | C18: =C17/$C6*$C7 -> 1154956.2 | D18: =B18-C18 -> -42517.077 | F18: =F17/$C6*$C7 -> 1072607.4 | J18: =D18+F18+H18 -> 1030090.3
A19: Net | B19: =SUM(B17:B18) -> -1400289.3 | C19: =SUM(C17:C18) -> -1453807.9 | D19: =B19-C19 -> 53518.621 | F19: =SUM(F17:F18) -> -1350150.9 | J19: =D19+F19 -> -1296632.3
A29: State Rate | B29: 0.044 | C29: 0.044 | F29: 0.044
A30: Federal Rate | B30: 0.21 | C30: 0.21 | F30: 0.21
A31: Fed Effect State | B31: =-B29*B30 -> -0.00924 | C31: =-C29*C30 -> -0.00924 | F31: =-F29*F30 -> -0.00924
A32: Combined rate | B32: =SUM(B29:B31) -> 0.24476 | C32: =SUM(C29:C31) -> 0.24476 | F32: =SUM(F29:F31) -> 0.24476
A34: Gross up rate | B34: =1/SUM(1-B32) -> 1.3240824 | C34: =1/SUM(1-C32) -> 1.3240824 | F34: =1/SUM(1-F32) -> 1.3240824

Sheet BHSC SC ARAM
B1: Current Year | C1: Other | D1: Return to Accrual - PY | E1: UTP | F1: ITC & Excess Deferred | G1: State Adjust | H1: Tax Basis Adjust | I1: Total
A2: Tax Footnote ETR Report - Report #54513A
A4: 2023 Master Case (PS9) - RL
A5: BH Colorado Electric Oper Co
A6: ACROSS OPERATING INDICATORS
A7: All January Through December Activity
A8: ========================================
A9: Book Income | B9: 23701588 | C9: 0 | D9: 0 | E9: 0 | F9: 0 | G9: 0 | H9: 0 | I9: 23701588
A10: Tax Items | B10: 0 | C10: 0 | D10: 0 | E10: 0 | F10: 0 | G10: 0 | H10: 0 | I10: 0
A11: Book Income Before Income Taxes (Adjusted for Tax Items) | B11: 23701588 | C11: 0 | D11: -68.61 | E11: 0 | F11: 0 | G11: 0 | H11: 0 | I11: 23701520
A12: ========================================
A14: Federal Income Taxes @ Statutory Rate | B14: 4977333.6 | C14: 0 | D14: -14.41 | E14: 0 | F14: 0 | G14: 0 | H14: 0 | I14: 4977319.2
A15: State Tax Expense | B15: 1320904.3 | C15: 82471.59 | D15: -13109.46 | E15: 0 | F15: 0 | G15: 368892.57 | H15: -53614.51 | I15: 1705544.5
A16: Fed Benefit of State Tax Deduction | B16: -225434.8 | C16: -292626.62 | D16: 528.81 | E16: 0 | F16: 0 | G16: 38531.51 | H16: 11259.06 | I16: -467742.04
A17: Total Taxes Before Adjustments | B17: 6072803.1 | C17: -210155.03 | D17: -12595.06 | E17: 0 | F17: 0 | G17: 407424.08 | H17: -42355.45 | I17: 6215121.7
A18: ========================================
A19: No Rollup
A20: Club Dues | B20: 6605.82 | C20: 0 | D20: -988.42 | E20: 0 | F20: 0 | G20: 0 | H20: 0 | I20: 5617.4
A21: Entertainment | B21: 1351.31 | C21: 0 | D21: -1548.63 | E21: 0 | F21: 0 | G21: 0 | H21: 0 | I21: -197.32
A22: Fines & Penalties | B22: 10575.12 | C22: 0 | D22: -0.08 | E22: 0 | F22: 0 | G22: 0 | H22: 0 | I22: 10575.04
A23: Line Extension Deposits Import | B23: 24461.63 | C23: 0 | D23: 0 | E23: 0 | F23: 0 | G23: 0 | H23: 0 | I23: 24461.63
A24: Lobbying | B24: 23609.44 | C24: 0 | D24: 1352.41 | E24: 0 | F24: 0 | G24: 0 | H24: 0 | I24: 24961.85
A25: Meals | B25: 37278.9 | C25: 0 | D25: 0 | E25: 0 | F25: 0 | G25: 0 | H25: 0 | I25: 37278.9
A26: PEP Life - CSV | B26: -16387.01 | C26: 0 | D26: 0.1 | E26: 0 | F26: 0 | G26: 0 | H26: 0 | I26: -16386.91
A27: Total No Rollup | B27: 87495.21 | C27: 0 | D27: -1184.62 | E27: 0 | F27: 0 | G27: 0 | H27: 0 | I27: 86310.59
A28: ========================================
A29: PTC
A30: Production Tax Credit | B30: -5212377 | C30: 0 | D30: 0 | E30: 0 | F30: 0 | G30: 0 | H30: 0 | I30: -5212377
A31: Total PTC | B31: -5212377 | C31: 0 | D31: 0 | E31: 0 | F31: 0 | G31: 0 | H31: 0 | I31: -5212377
A32: ========================================
A33: AFUDC - Equity | B33: 6593.02 | C33: 0 | D33: -4290.61 | E33: 0 | F33: 0 | G33: 0 | H33: 0 | I33: 2302.41
A34: BHSC EDIT Allocation | B34: -109757.97 | C34: -5424.57 | D34: 3460.38 | E34: 0 | F34: 0 | G34: 14653.78 | H34: 0 | I34: -97068.38
A35: EDFIT/EDSIT | B35: -1126848.6 | C35: 0 | D35: 0 | E35: 0 | F35: 0 | G35: 0 | H35: 0 | I35: -1126848.6
A36: Other | B36: 0 | C36: 274204.15 | D36: 0 | E36: 0 | F36: 0 | G36: -115998.99 | H36: -299.18 | I36: 157905.98
A37: Total Total Tax Expense (Benefit) Before Discrete Items | B37: -282092.21 | C37: 58624.55 | D37: -14609.91 | E37: 0 | F37: 0 | G37: 306078.87 | H37: -42654.63 | I37: 25346.67
A38: R&D & UTP | B38: -246730.1 | C38: 0 | D38: 0 | E38: 3662 | F38: 0 | G38: 0 | H38: 0 | I38: -243068.1
A39: Total Tax Expense (Benefit) With Discrete Items | B39: -528822.31 | C39: 58624.55 | D39: -14609.91 | E39: 3662 | F39: 0 | G39: 306078.87 | H39: -42654.63 | I39: -217721.43
A40: Tax Expense Booked | B40: -528822.37 | C40: 58624.56 | D40: -14609.87 | E40: 3662 | F40: 0 | G40: 306078.87 | H40: -42654.63 | I40: -217721.44
A41: Difference | B41: 0.06 | C41: -0.01 | D41: -0.04 | E41: 0 | F41: 0 | G41: 0 | H41: 0 | I41: 0.01
A42: Total ETR Percentage | B42: -0.022312 | C42: 0 | D42: 0 | E42: 0 | F42: 0 | G42: 0 | H42: 0 | I42: -0.009186
A43: Consolidated ETR Percentage | B43: -0.022312 | C43: 0.002473 | D43: -0.000616 | E43: 0.000155 | F43: 0 | G43: 0.012914 | H43: -0.001800 | I43: -0.009186
H45: BHSC ARAM | I45: =I34 -> -97068.38
A46: Remove State DDIT net of federal benefit | B46: =B58*0.79 -> 267812.2 | C46: Includes gross up amount. Pulled from below | H46: Tax Gross Up | I46: ='2023 ARAM and 2022 True Up'!F34 -> 1.3240824
A47: Total Adjusted Tax expense | B47: =B37-B46 -> -549904.41 | H47: ARAM w Tax Gross Up4 | I47: =I45*I46 -> -128526.53
B48: =B47 -> -549904.41
A50: Stmt K TTE Amount | B50: -558424.36
A52: check | B52: =B48-B50 -> 8519.9454
A56: BHSC EDIT Allocation | B56: -109757.97
A57: EDFIT Allocation | B57: -1492040.4
A58: EDSIT Allocation | B58: 339002.79
A59: GROSS UP | B59: 282217.47
A60: Total EDIT Allocation | B60: =SUM(B55:B59) -> -980578.12 | C60: #N/A

Sheet 254015 12.31.23
A1: Balances By GL Account
A2: All Accounts
A3: 2023 Master Case (PS9) - RL
A4: BH Colorado Electric Oper Co
A5: For the Months of: 11.5 Regulatory NOL - 12.5 SC Clean Up
D6: Beg Balance For_x000D_ 11.5 Regulatory NOL | E6: Activity For_x000D_ 11.5 Regulatory NOL - 12.5 SC Clean Up | F6: YTD Ending_x000D_ 12.5 SC Clean Up | G6: End Balance For_x000D_ 12.5 SC Clean Up
A7: M Description | C7: From Company
A8: 254015.DT1500 REG LIAB EXCESS DEF STATE
A9: 254015
A10: NO KEY | B10: Excess Tax - State NOL | D10: 185536 | E10: 0 | F10: 0 | G10: 185536
A11: NO KEY | B11: Excess Tax - State Non-Refunded ARAM | D11: -1251990 | E11: 0 | F11: 0 | G11: -1251990
A12: NO KEY | B12: PT - Excess Amort - State | D12: -1129558 | E12: -84484 | F12: -1214042 | G12: -1214042
A13: RGAET8 | B13: Excess Tax - State Non-Property RB2 | D13: 1324321 | E13: 0 | F13: 0 | G13: 1324321
A14: Total For 254015.DT1500 REG LIAB EXCESS DEF STATE: | D14: -871690 | E14: -84484 | F14: -1214042 | G14: -956174
A15: 254015.DT5000 REG LIAB EXCESS DEF PROT PROPERTY
A16: NO KEY | B16: PT - Protected - Fed | D16: -73132955 | E16: 106248 | F16: 2326723 | G16: -73026707
A17: NO KEY | B17: TCJA Fed Eff Reclass - Protected | D17: 2338171 | E17: 0 | F17: 0 | G17: 2338171
A18: Total For 254015.DT5000 REG LIAB EXCESS DEF PROT PROPERTY: | D18: -70794784 | E18: 106248 | F18: 2326723 | G18: -70688536
A19: 254998.DT5000 SVC CO REG LIAB EDIT PROT PROPERTY
A20: Total For 254015: | D20: -71666474 | E20: 21764 | F20: 1112681 | G20: -71644710
A21: 254998
A22: NO KEY | B22: BHSC Reg Liability - Protected | D22: -704069 | E22: 26102 | F22: 130063 | G22: -677967
A23: Total For 254998.DT5000 SVC CO REG LIAB EDIT PROT PROPERTY: | D23: -704069 | E23: 26102 | F23: 130063 | G23: -677967
A24: 254998.DT5001 SVC CO REG LIAB EDIT NONPROT PROP
A25: NO KEY | B25: BHSC Reg Liability - Non-Protected | D25: -30999 | E25: 5543 | F25: 13248 | G25: -25456
A26: Total For 254998.DT5001 SVC CO REG LIAB EDIT NONPROT PROP: | D26: -30999 | E26: 5543 | F26: 13248 | G26: -25456
A27: Total For 254998: | D27: -735068 | E27: 31644 | F27: 143311 | G27: -703424
A28: Total For BH Colorado Electric Oper Co: | D28: -72401542 | E28: 53408 | F28: 1255992 | G28: -72348134
A29: Rpt # Tax Accrual - 51040 | B29: 45420 | C29: 0.55010417
E30: Total State | G30: =G14 -> -956174
E32: Total Fed | G32: =G20-G30 -> -70688536
C35: DT5000 | D35: Fed Protected Plant | G35: =G18+G22 -> -71366503 | I35: =SUM(G35:H35) -> -71366503 | J35: {=REPLACE(CELL("address",'A3.1-EDIT-DDIT'!I24),1,FIND("]",CELL("address",'A3.1-EDIT-DDIT'!I24)),"")} -> A3.1-EDIT-DDIT'!$I$24
C36: DT5002 | D36: Fed NOL DDFIT | G36: =G15 -> 0
C37: DT5001 | D37: Fed Non Protected Plant | G37: =G25 -> -25456
C38: DT5005 | D38: Non Refunded ARAM | G38: 0
C39: DT5004 | D39: Fed Non Protected Non Prop | G39: 0
D41: Total TCJA EDIT | G41: =SUM(G35:G39) -> -71391959

Sheet 182392 12.31.2023
A1: Balances By GL Account
A2: All Accounts
A3: 2023 Master Case (PS9) - RL
A4: BH Colorado Electric Oper Co
A5: For the Months of: 11.5 Regulatory NOL - 12.5 SC Clean Up
D6: Beg Balance For_x000D_ 11.5 Regulatory NOL | E6: Activity For_x000D_ 11.5 Regulatory NOL - 12.5 SC Clean Up | F6: YTD Ending_x000D_ 12.5 SC Clean Up | G6: End Balance For_x000D_ 12.5 SC Clean Up
A7: M Description | C7: From Company
A8: 182392.DT1500 REG ASSET EXCESS DEF STATE
A9: 182392
A10: NO KEY | B10: PT - Non-Protected - State | D10: 1061787 | E10: 12826 | F10: 154309 | G10: 1074613
A11: NO KEY | B11: PT - NR - Non-Protected - State | D11: 22121 | E11: 28 | F11: 406 | G11: 22149
A12: NO KEY | B12: PT - Protected - State | D12: 9979382 | E12: 59545 | F12: 735778 | G12: 10038927
A13: NO KEY | B13: TCJA Fed Eff Reclass - Protected | D13: -2338171 | E13: 0 | F13: 0 | G13: -2338171
A14: RGAET8 | B14: Excess Tax - State Non-Property RB | D14: -162697 | E14: 0 | F14: 0 | G14: -162697
A15: Total For 182392.DT1500 REG ASSET EXCESS DEF STATE: | D15: 8562421 | E15: 72400 | F15: 890493 | G15: 8634821
A16: 182392.DT5001 REG ASSET EXCESS DEF NONPROT PROP
A17: NO KEY | B17: PT - Non-Protected - Fed | D17: 1622982 | E17: 591 | F17: 29 | G17: 1623573
A18: NO KEY | B18: PT - NR - Non-Protected - Fed | D18: 2 | E18: 0 | F18: 0 | G18: 2
A19: Total For 182392.DT5001 REG ASSET EXCESS DEF NONPROT PROP: | D19: 1622984 | E19: 591 | F19: 29 | G19: 1623575
A20: 182392.DT5002 REG ASSET EXCESS DEF NONPROT NOL
A21: NO KEY | B21: Excess Deferred - Non-Protected NOL RB | D21: 30651205 | E21: -77959 | F21: -1128549 | G21: 30573246
A22: Total For 182392.DT5002 REG ASSET EXCESS DEF NONPROT NOL: | D22: 30651205 | E22: -77959 | F22: -1128549 | G22: 30573246
A23: 182392.DT5005 REG ASSET EXCESS DEF NONREFUND ARAM
A24: NO KEY | B24: Excess Deferred - Non-Refunded ARAM | D24: -314623 | E24: 72402 | F24: 293837 | G24: -242220
A25: Total For 182392.DT5005 REG ASSET EXCESS DEF NONREFUND ARAM: | D25: -314623 | E25: 72402 | F25: 293837 | G25: -242220
A26: Total For 182392: | D26: 40521987 | E26: 67434 | F26: 55811 | G26: 40589421
A27: Total For BH Colorado Electric Oper Co: | D27: 40521987 | E27: 67434 | F27: 55811 | G27: 40589421
A28: Rpt # Tax Accrual - 51040 | B28: 45420 | C28: 0.49599537
C29: DT1500 | E29: Total State | G29: =G15 -> 8634821
E31: Total Fed | G31: =G27-G29 -> 31954600
C34: DT5000 | D34: Fed Protected Plant | G34: 0
C35: DT5002 | D35: Fed NOL DDFIT | G35: =G22 -> 30573246 | H35: =G35+G37 -> 30331026 | I35: {=REPLACE(CELL("address",'A3.1-EDIT-DDIT'!I26),1,FIND("]",CELL("address",'A3.1-EDIT-DDIT'!I26)),"")} -> A3.1-EDIT-DDIT'!$I$26
C36: DT5001 | D36: Fed Non Protected Plant | G36: =G19 -> 1623575 | H36: COR DDIT, net with protected property balance
C37: DT5005 | D37: Non Refunded ARAM | G37: =G25 -> -242220 | H37: Should go against NOL
C38: DT5004 | D38: Fed Non Protected Non Prop | G38: 0
D40: Total TCJA EDIT | G40: =SUM(G34:G38) -> 31954601

Sheet Tax Reports 2023 11&1>>

Sheet Report 260
A1: Jurisdiction : | C1: Federal
E2: Timing Diff Activity | F2: DFIT Activity | G2: FAS109 Activity | H2: FT Activity | I2: Excess Activity
A3: Tax Year : | C3: 2023
A4: 2023 11&1 Master Case Regulated
A5: BH Colorado Electric Oper Co
A6: PowerTax Deferred Tax Summary Report
A7: Grouped By: Total Tax Classes
B8: NP-Fed/CO-COR | E8: -4617547 | F8: -969715 | G8: -969685 | H8: 0 | I8: -30
B9: PP-Fed/CO-174 Method/Life | E9: 687854 | F9: 144449 | G9: 144449 | H9: 0 | I9: 0 | K9: Protected B4 Grossup
B10: PP-Fed/CO-GL Balancing | E10: 0 | F10: 0 | G10: 0 | H10: 0 | I10: 0 | K10: =I11+I30 -> -1829764
B11: PP-Fed/CO-Method/Life | E11: -712285 | F11: -1833813 | G11: -149580 | H11: 0 | I11: -1684233
A12: Total Tax Classes | E12: -4641978 | F12: -2659078 | G12: -974815 | H12: 0 | I12: -1684263
A13: Amortization Type Depreciation Difference Totals: | E13: -4641978 | F13: -2659078 | G13: -974815 | H13: 0 | I13: -1684263
B14: FT-Fed/CO-AFUDC Eqity | E14: -31180 | F14: 0 | G14: -6548 | H14: -6548 | I14: 0
B15: FT-Fed/CO-UOP Adjust Flow Thru % | E15: 0 | F15: 0 | G15: 0 | H15: 0 | I15: 0
B16: NP-Fed/CO-AFUDC Debt | E16: 2538729 | F16: 533133 | G16: 533133 | H16: 0 | I16: 0
B17: NP-Fed/CO-Alt Motor Veh Credit | E17: -322 | F17: -68 | G17: -68 | H17: 0 | I17: 0
B18: NP-Fed/CO-Facts & Circumstances | E18: -104329 | F18: -21909 | G18: -21909 | H18: 0 | I18: 0
B19: NP-Fed/CO-Grant Basis Reduction | E19: 241058 | F19: 50622 | G19: 50622 | H19: 0 | I19: 0
B20: NP-Fed/CO-IDD #5 | E20: 20743591 | F20: 4356154 | G20: 4356154 | H20: 0 | I20: 0
B21: NP-Fed/CO-IDD5 481(a) Adj | E21: -24938 | F21: -5237 | G21: -5237 | H21: 0 | I21: 0
B22: NP-Fed/CO-Repair Expenses Cap | E22: -3762 | F22: -790 | G22: -790 | H22: 0 | I22: 0
B23: NP-Fed/CO-Sec 162 | E23: -39938 | F23: -8387 | G23: -8387 | H23: 0 | I23: 0
B24: NP-Fed/CO-Sec 174 | E24: -743318 | F24: -156097 | G24: -156097 | H24: 0 | I24: 0
B25: NP-Fed/CO-Tax Expensing | E25: 4385620 | F25: 920980 | G25: 920980 | H25: 0 | I25: 0
... B30: PP-Fed/CO-Aquila Net Book Adj | E30: -1039508 | F30: -363828 | G30: -218297 | H30: 0 | I30: -145531
A31: Total Tax Classes | E31: 31378823 | F31: 6450569 | G31: 6589553 | H31: -6548 | I31: -145531
A32: Amortization Type Book Overhead Totals: | E32: 31378823 | F32: 6450569 | G32: 6589553 | H32: -6548 | I32: -145531
B33: EX-Fed/CO-Aquila Cost Adj | E33: 136094 | F33: 28580 | G33: 28580 | H33: 0 | I33: 0
B34: EX-Fed/CO-Aquila Step-Up Adj | E34: 1155343 | F34: 242622 | G34: 242622 | H34: 0 | I34: 0
B35: NP-Fed/CO-481a Adjustment | E35: -132071 | F35: -27735 | G35: -27735 | H35: 0 | I35: 0
B36: NP-Fed/CO-481a Bonus Adjustment | E36: 9431 | F36: 1981 | G36: 1981 | H36: 0 | I36: 0
B37: NP-Fed/CO-48a(a) Adjustment 2013 | E37: 5855 | F37: 1229 | G37: 1229 | H37: 0 | I37: 0
B38: NP-Fed/CO-Cap Interest | E38: 11584 | F38: 2433 | G38: 2433 | H38: 0 | I38: 0
B39: NP-Fed/CO-CIAC - Taxable | E39: -1718966 | F39: -360983 | G39: -360983 | H39: 0 | I39: 0
B40: NP-Fed/CO-CPI | E40: -2238890 | F40: -470167 | G40: -470167 | H40: 0 | I40: 0
B41: NP-Fed/CO-Excess Amort | E41: 0 | F41: 0 | G41: 0 | H41: 0 | I41: 0
B42: NP-Fed/CO-Excess Amort 2022 | E42: 0 | F42: 0 | G42: 0 | H42: 0 | I42: 0
B43: NP-Fed/CO-Tax Expensing-Reversal | E43: -12900 | F43: -2709 | G43: -2709 | H43: 0 | I43: 0
A44: Total Tax Classes | E44: -2784520 | F44: -584749 | G44: -584749 | H44: 0 | I44: 0
A45: Amortization Type Tax Overhead Totals: | E45: -2784520 | F45: -584749 | G45: -584749 | H45: 0 | I45: 0
A46: Jurisdiction Totals: | E46: 23952325 | F46: 3206742 | G46: 5029988 | H46: -6548 | I46: -1829794
A47: Company Totals: | E47: 23952325 | F47: 3206742 | G47: 5029988 | H47: -6548 | I47: -1829794
A48: 05/08/2024 at 11:41 am | B48: PwrTax - 260
A49: Grand Totals: | E49: 23952325 | F49: 3206742 | G49: 5029988 | H49: -6548 | I49: -1829794

Sheet Report 257
A1: Jurisdiction: Federal | B1: "_x000D_ Beginning_x000D_ Difference" | C1: "_x000D_ Current_x000D_ Difference" | D1: "_x000D_ Ending_x000D_ Difference" | E1: "Beginning_x000D_ APB11 DFIT_x000D_ Balance" | F1: "_x000D_ Current_x000D_ DFIT" | G1: "Ending_x000D_ APB11 DFIT_x000D_ Balance" | H1: "End FAS109_x000D_ Liability @_x000D_ Stat Rate" | I1: "Regulatory_x000D_ Asset Before_x000D_ Gross-Up" | J1: "Regulatory_x000D_ Liab Before_x000D_ Gross-Up" | K1: "Regulatory_x000D_ Asset After_x000D_ Gross-Up" | L1: "Regulatory_x000D_ Liab After_x000D_ Gross-Up"
A2: Tax Year: 2023
A3: PowerTax Deferred Tax Summary Report
A4: 2023 11&1 Master Case Regulated
A5: BH Colorado Electric Oper Co
A7: Grouped By: Total Tax Classes
A8: NP-Fed/CO-COR | B8: -18515666 | C8: -4617547 | D8: -23133213 | E8: -5319667 | F8: -969715 | G8: -6289382 | H8: -4857975 | I8: 0 | J8: 1431407 | K8: 0 | L8: 1895301
A9: PP-Fed/CO-174 Method/Life | B9: 230693 | C9: 687854 | D9: 918547 | E9: 48446 | F9: 144449 | G9: 192895 | H9: 192895 | I9: 0 | J9: 0 | K9: 0 | L9: 0
A10: PP-Fed/CO-GL Balancing | B10: 0 | C10: 0 | D10: 0 | E10: 0 | F10: 0 | G10: 0 | H10: 0 | I10: 0 | J10: 0 | K10: 0 | L10: 0
A11: PP-Fed/CO-Method/Life | B11: 441795087 | C11: -712285 | D11: 441082802 | E11: 147637035 | F11: -1833813 | G11: 145803222 | H11: 92627388 | I11: 1 | J11: -53175835 | K11: 1 | L11: -70409187
A12: Depreciation Difference | B12: 423510115 | C12: -4641978 | D12: 418868137 | E12: 142365814 | F12: -2659078 | G12: 139706735 | H12: 87962309 | I12: 1 | J12: -51744428 | K12: 1 | L12: -68513886
A13: NP-Fed/CO-AFUDC Debt | B13: 3456625 | C13: 2538729 | D13: 5995354 | E13: 725891 | F13: 533133 | G13: 1259024 | H13: 1259024 | I13: 1 | J13: -1 | K13: 1 | L13: -1
A14: NP-Fed/CO-Alt Motor Veh Credit | B14: 322 | C14: -322 | D14: 0 | E14: 68 | F14: -68 | G14: 0 | H14: 0 | I14: 0 | J14: 0 | K14: 0 | L14: 0
A15: NP-Fed/CO-Facts & Circumstances | B15: 4709947 | C15: -104329 | D15: 4605619 | E15: 989089 | F15: -21909 | G15: 967180 | H15: 967180 | I15: 0 | J15: 0 | K15: 0 | L15: 0
A16: NP-Fed/CO-Grant Basis Reduction | B16: -1527551 | C16: 241058 | D16: -1286492 | E16: -320786 | F16: 50622 | G16: -270163 | H16: -270163 | I16: 0 | J16: 0 | K16: 0 | L16: 0
A17: NP-Fed/CO-IDD #5 | B17: 59608096 | C17: 20743591 | D17: 80351687 | E17: 12517700 | F17: 4356154 | G17: 16873854 | H17: 16873854 | I17: 1 | J17: 0 | K17: 1 | L17: -1
A18: NP-Fed/CO-IDD5 481(a) Adj | B18: 1315960 | C18: -24938 | D18: 1291022 | E18: 276351 | F18: -5237 | G18: 271114 | H18: 271115 | I18: 0 | J18: 0 | K18: 0 | L18: 0
A19: NP-Fed/CO-Repair Expenses Cap | B19: 127591 | C19: -3762 | D19: 123829 | E19: 26794 | F19: -790 | G19: 26004 | H19: 26004 | I19: 0 | J19: 0 | K19: 0 | L19: 0
... A46: Company Totals: | B46: 533807481 | C46: 23952325 | D46: 557759805 | E46: 167503874 | F46: 3206742 | G46: 170710616 | H46: 117129559 | I46: 140226 | J46: -53721283 | K46: 185671 | L46: -71131406
A47: PwrTax - 257 | B47: 05/08/2024 at 11:42 am

Sheet Report 259
A1: Jurisdiction: Federal | C1: _x000D_Beginning_x000D_Difference | D1: _x000D_Current_x000D_Difference | E1: _x000D_Ending_x000D_Difference | F1: Beginning_x000D_APB11 DFIT_x000D_Balance | G1: _x000D_Current_x000D_DFIT | H1: Ending_x000D_APB11 DFIT_x000D_Balance | I1: Beg FAS109_x000D_Liability @_x000D_Stat Rate | J1: Regulatory_x000D_Asset Before_x000D_Gross-Up | K1: Regulatory_x000D_Liab Before_x000D_Gross-Up | L1: Regulatory_x000D_Asset After_x000D_Gross-Up | M1: Regulatory_x000D_Liab After_x000D_Gross-Up
A2: Tax Year: | B2: 2023
A4: BH Colorado Electric Oper Co
A5: PowerTax Deferred Tax Summary Report - Beginning FAS109
A6: 2023 11&1 Master Case Regulated
A8: Grouped By: Total Tax Classes
A9: NP-Fed/CO-COR | C9: -18515666 | D9: -4617547 | E9: -23133213 | F9: -5319667 | G9: -969715 | H9: -6289382 | I9: -3888290 | J9: 0 | K9: 1431377 | L9: 0 | M9: 1895261
A10: PP-Fed/CO-174 Method/Life | C10: 230693 | D10: 687854 | E10: 918547 | F10: 48446 | G10: 144449 | H10: 192895 | I10: 48446 | J10: 0 | K10: 0 | L10: 0 | M10: 0
A11: PP-Fed/CO-GL Balancing | C11: 0 | D11: 0 | E11: 0 | F11: 0 | G11: 0 | H11: 0 | I11: 0 | J11: 0 | K11: 0 | L11: 0 | M11: 0
A12: PP-Fed/CO-Method/Life | C12: 441795087 | D12: -712285 | E12: 441082802 | F12: 147637035 | G12: -1833813 | H12: 145803222 | I12: 92776968 | J12: 1 | K12: -54860067 | L12: 1 | M12: -72639250
A13: Depreciation Difference | C13: 423510115 | D13: -4641978 | E13: 418868137 | F13: 142365814 | G13: -2659078 | H13: 139706735 | I13: 88937124 | J13: 1 | K13: -53428690 | L13: 1 | M13: -70743989
A14: NP-Fed/CO-AFUDC Debt | C14: 3456625 | D14: 2538729 | E14: 5995354 | F14: 725891 | G14: 533133 | H14: 1259024 | I14: 725891 | J14: 0 | K14: 0 | L14: 1 | M14: 0
A15: NP-Fed/CO-Alt Motor Veh Credit | C15: 322 | D15: -322 | E15: 0 | F15: 68 | G15: -68 | H15: 0 | I15: 68 | J15: 0 | K15: 0 | L15: 0 | M15: 0
A16: NP-Fed/CO-Facts & Circumstances | C16: 4709947 | D16: -104329 | E16: 4605619 | F16: 989089 | G16: -21909 | H16: 967180 | I16: 989089 | J16: 0 | K16: 0 | L16: 0 | M16: 0
A17: NP-Fed/CO-Grant Basis Reduction | C17: -1527551 | D17: 241058 | E17: -1286492 | F17: -320786 | G17: 50622 | H17: -270163 | I17: -320786 | J17: 0 | K17: 0 | L17: 0 | M17: 0
A18: NP-Fed/CO-IDD #5 | C18: 59608096 | D18: 20743591 | E18: 80351687 | F18: 12517700 | G18: 4356154 | H18: 16873854 | I18: 12517700 | J18: 0 | K18: 0 | L18: 1 | M18: -1
A19: NP-Fed/CO-IDD5 481(a) Adj | C19: 1315960 | D19: -24938 | E19: 1291022 | F19: 276351 | G19: -5237 | H19: 271114 | I19: 276352 | J19: 0 | K19: 0 | L19: 0 | M19: 0
A20: NP-Fed/CO-Repair Expenses Cap | C20: 127591 | D20: -3762 | E20: 123829 | F20: 26794 | G20: -790 | H20: 26004 | I20: 26794 | J20: 0 | K20: 0 | L20: 0 | M20: 0
... A47: CompanyTotals: | C47: 533807481 | D47: 23952325 | E47: 557759805 | F47: 167503874 | G47: 3206742 | H47: 170710616 | I47: 112099571 | J47: 146774 | K47: -55551077 | L47: 194340 | M47: -73554204
A48: PwrTax - 259 | B48: 45420

Sheet Tax Reports 2022 Tax Return >> 

Sheet Rpt 260
A1: Jurisdiction : | C1: Federal
E2: Timing Diff Activity | F2: DFIT Activity | G2: FAS109 Activity | H2: FT Activity | I2: Excess Activity
A3: Tax Year : | C3: 2022
A4: Master Case Regulated Post 2017
A5: BH Colorado Electric Oper Co
A6: PowerTax Deferred Tax Summary Report
A7: Grouped By: Total Tax Classes
B8: NP-Fed/CO-COR | E8: -1694598 | F8: -355387 | G8: -355866 | H8: 0 | I8: 479
B9: PP-Fed/CO-174 Method/Life | E9: 230693 | F9: 48446 | G9: 48446 | H9: 0 | I9: 0 | K9: Protected B4 Grossup
B10: PP-Fed/CO-GL Balancing | E10: 0 | F10: 0 | G10: 0 | H10: 0 | I10: 0 | K10: =I11+I30 -> -1897713
B11: PP-Fed/CO-Method/Life | E11: -2073297 | F11: -2197931 | G11: -435392 | H11: 0 | I11: -1762539
A12: Total Tax Classes | E12: -3537202 | F12: -2504872 | G12: -742812 | H12: 0 | I12: -1762060
A13: Amortization Type Depreciation Difference Totals: | E13: -3537202 | F13: -2504872 | G13: -742812 | H13: 0 | I13: -1762060
B14: FT-Fed/CO-AFUDC Eqity | E14: -31650 | F14: 0 | G14: -6647 | H14: -6647 | I14: 0
B15: FT-Fed/CO-UOP Adjust Flow Thru % | E15: 0 | F15: 0 | G15: 0 | H15: 0 | I15: 0
B16: NP-Fed/CO-AFUDC Debt | E16: 1085934 | F16: 228046 | G16: 228046 | H16: 0 | I16: 0
B17: NP-Fed/CO-Alt Motor Veh Credit | E17: -403 | F17: -85 | G17: -85 | H17: 0 | I17: 0
B18: NP-Fed/CO-Facts & Circumstances | E18: -108764 | F18: -22841 | G18: -22841 | H18: 0 | I18: 0
B19: NP-Fed/CO-Grant Basis Reduction | E19: 1113502 | F19: 233835 | G19: 233835 | H19: 0 | I19: 0
B20: NP-Fed/CO-IDD #5 | E20: 16116727 | F20: 3384513 | G20: 3384513 | H20: 0 | I20: 0
B21: NP-Fed/CO-IDD5 481(a) Adj | E21: -33672 | F21: -7071 | G21: -7071 | H21: 0 | I21: 0
B22: NP-Fed/CO-Repair Expenses Cap | E22: -2889 | F22: -607 | G22: -607 | H22: 0 | I22: 0
B23: NP-Fed/CO-Sec 162 | E23: -39691 | F23: -8335 | G23: -8335 | H23: 0 | I23: 0
B24: NP-Fed/CO-Sec 174 | E24: -797618 | F24: -167500 | G24: -167500 | H24: 0 | I24: 0
B25: NP-Fed/CO-Tax Expensing | E25: 11593020 | F25: 2434534 | G25: 2434534 | H25: 0 | I25: 0
... B30: PP-Fed/CO-Aquila Net Book Adj | E30: -965525 | F30: -337934 | G30: -202760 | H30: 0 | I30: -135174
A31: Total Tax Classes | E31: 26839235 | F31: 5507712 | G31: 5636239 | H31: -6647 | I31: -135174
A32: Amortization Type Book Overhead Totals: | E32: 26839235 | F32: 5507712 | G32: 5636239 | H32: -6647 | I32: -135174
B33: EX-Fed/CO-Aquila Cost Adj | E33: 148277 | F33: 31138 | G33: 31138 | H33: 0 | I33: 0
B34: EX-Fed/CO-Aquila Step-Up Adj | E34: 1415673 | F34: 297291 | G34: 297291 | H34: 0 | I34: 0
B35: NP-Fed/CO-481a Adjustment | E35: -127611 | F35: -26798 | G35: -26798 | H35: 0 | I35: 0
B36: NP-Fed/CO-481a Bonus Adjustment | E36: 9288 | F36: 1951 | G36: 1951 | H36: 0 | I36: 0
B37: NP-Fed/CO-48a(a) Adjustment 2013 | E37: 5837 | F37: 1226 | G37: 1226 | H37: 0 | I37: 0
B38: NP-Fed/CO-Cap Interest | E38: 11585 | F38: 2433 | G38: 2433 | H38: 0 | I38: 0
B39: NP-Fed/CO-CIAC - Taxable | E39: -4614241 | F39: -968991 | G39: -968991 | H39: 0 | I39: 0
B40: NP-Fed/CO-CPI | E40: -936582 | F40: -196682 | G40: -196682 | H40: 0 | I40: 0
B41: NP-Fed/CO-Excess Amort | E41: 0 | F41: 0 | G41: 0 | H41: 0 | I41: 0
B42: NP-Fed/CO-Tax Expensing-Reversal | E42: 93155 | F42: 19563 | G42: 19563 | H42: 0 | I42: 0
A43: Total Tax Classes | E43: -3994619 | F43: -838870 | G43: -838870 | H43: 0 | I43: 0
A44: Amortization Type Tax Overhead Totals: | E44: -3994619 | F44: -838870 | G44: -838870 | H44: 0 | I44: 0
A45: Jurisdiction Totals: | E45: 19307414 | F45: 2163970 | G45: 4054557 | H45: -6647 | I45: -1897233
A46: Company Totals: | E46: 19307414 | F46: 2163970 | G46: 4054557 | H46: -6647 | I46: -1897233
A47: 05/08/2024 at 11:46 am | B47: PwrTax - 260
A48: Grand Totals: | E48: 19307414 | F48: 2163970 | G48: 4054557 | H48: -6647 | I48: -1897233

Sheet Tax Report 2022 Q4 Prov.>>

Sheet Rept 260
A1: Jurisdiction : | C1: Federal
E2: Timing Diff Activity | F2: DFIT Activity | G2: FAS109 Activity | H2: FT Activity | I2: Excess Activity
A3: Tax Year : | C3: 2022
A4: 2022 10&2 Regulated
A5: BH Colorado Electric Oper Co
A6: PowerTax Deferred Tax Summary Report
A7: Grouped By: Total Tax Classes
B8: NP-Fed/CO-COR | E8: -1968128 | F8: -412836 | G8: -413307 | H8: 0 | I8: 471
B9: PP-Fed/CO-174 Method/Life | E9: 201410 | F9: 42296 | G9: 42296 | H9: 0 | I9: 0 | K9: Protected B4 Grossup
B10: PP-Fed/CO-GL Balancing | E10: 0 | F10: 0 | G10: 0 | H10: 0 | I10: 0 | K10: =I11+I30 -> -1970243
B11: PP-Fed/CO-Method/Life | E11: -2710342 | F11: -2381632 | G11: -569172 | H11: 0 | I11: -1812461
A12: Total Tax Classes | E12: -4477060 | F12: -2752172 | G12: -940183 | H12: 0 | I12: -1811990
A13: Amortization Type Depreciation Difference Totals: | E13: -4477060 | F13: -2752172 | G13: -940183 | H13: 0 | I13: -1811990
B14: FT-Fed/CO-AFUDC Eqity | E14: -31682 | F14: 0 | G14: -6653 | H14: -6653 | I14: 0
B15: FT-Fed/CO-UOP Adjust Flow Thru % | E15: 0 | F15: 0 | G15: 0 | H15: 0 | I15: 0
B16: NP-Fed/CO-AFUDC Debt | E16: 742631 | F16: 155953 | G16: 155953 | H16: 0 | I16: 0
B17: NP-Fed/CO-Alt Motor Veh Credit | E17: -408 | F17: -86 | G17: -86 | H17: 0 | I17: 0
B18: NP-Fed/CO-Facts & Circumstances | E18: -112412 | F18: -23606 | G18: -23606 | H18: 0 | I18: 0
B19: NP-Fed/CO-Grant Basis Reduction | E19: 1115525 | F19: 234260 | G19: 234260 | H19: 0 | I19: 0
B20: NP-Fed/CO-IDD #5 | E20: 17725921 | F20: 3722443 | G20: 3722443 | H20: 0 | I20: 0
B21: NP-Fed/CO-IDD5 481(a) Adj | E21: -36219 | F21: -7606 | G21: -7606 | H21: 0 | I21: 0
B22: NP-Fed/CO-Repair Expenses Cap | E22: -3839 | F22: -806 | G22: -806 | H22: 0 | I22: 0
B23: NP-Fed/CO-Sec 162 | E23: -40423 | F23: -8489 | G23: -8489 | H23: 0 | I23: 0
B24: NP-Fed/CO-Sec 174 | E24: -812451 | F24: -170615 | G24: -170615 | H24: 0 | I24: 0
B25: NP-Fed/CO-Tax Expensing | E25: 5782727 | F25: 1214373 | G25: 1214373 | H25: 0 | I25: 0
... B30: PP-Fed/CO-Aquila Net Book Adj | E30: -1127013 | F30: -394454 | G30: -236673 | H30: 0 | I30: -157782
A31: Total Tax Classes | E31: 25994405 | F31: 5307696 | G31: 5458825 | H31: -6653 | I31: -157782
A32: Amortization Type Book Overhead Totals: | E32: 25994405 | F32: 5307696 | G32: 5458825 | H32: -6653 | I32: -157782
B33: EX-Fed/CO-Aquila Cost Adj | E33: 147485 | F33: 30972 | G33: 30972 | H33: 0 | I33: 0
B34: EX-Fed/CO-Aquila Step-Up Adj | E34: 1409915 | F34: 296082 | G34: 296082 | H34: 0 | I34: 0
B35: NP-Fed/CO-481a Adjustment | E35: -127611 | F35: -26798 | G35: -26798 | H35: 0 | I35: 0
B36: NP-Fed/CO-481a Bonus Adjustment | E36: 9288 | F36: 1951 | G36: 1951 | H36: 0 | I36: 0
B37: NP-Fed/CO-48a(a) Adjustment 2013 | E37: 5837 | F37: 1226 | G37: 1226 | H37: 0 | I37: 0
B38: NP-Fed/CO-Cap Interest | E38: 11585 | F38: 2433 | G38: 2433 | H38: 0 | I38: 0
B39: NP-Fed/CO-CIAC - Taxable | E39: -3946249 | F39: -828712 | G39: -828712 | H39: 0 | I39: 0
B40: NP-Fed/CO-CPI | E40: -530286 | F40: -111360 | G40: -111360 | H40: 0 | I40: 0
B41: NP-Fed/CO-Excess Amort | E41: 0 | F41: 0 | G41: 0 | H41: 0 | I41: 0
B42: NP-Fed/CO-Tax Expensing-Reversal | E42: 50059 | F42: 10512 | G42: 10512 | H42: 0 | I42: 0
A43: Total Tax Classes | E43: -2969978 | F43: -623695 | G43: -623695 | H43: 0 | I43: 0
A44: Amortization Type Tax Overhead Totals: | E44: -2969978 | F44: -623695 | G44: -623695 | H44: 0 | I44: 0
A45: Jurisdiction Totals: | E45: 18547367 | F45: 1931829 | G45: 3894947 | H45: -6653 | I45: -1969771
A46: Company Totals: | E46: 18547367 | F46: 1931829 | G46: 3894947 | H46: -6653 | I46: -1969771
A47: 05/08/2024 at 12:25 pm | B47: PwrTax - 260
A48: Grand Totals: | E48: 18547367 | F48: 1931829 | G48: 3894947 | H48: -6653 | I48: -1969771

Sheet A3.2 Supports>>

Sheet BHCOE TCJA 12.31.18 
B1: Beg Balance | C1: Current Year | D1: Other | E1: Return to Accrual - PY | F1: UTP | G1: ITC & Excess Deferred | H1: State Adjust | I1: Tax Reform | J1: Amended Return | K1: Tax Basis Adjust | L1: End Balance | T1: 0.0463
A2: M Item Rollforward by Month Type - Report #51052 | T2: 0.21
Q3: 0.0295 | R3: 0.0295 | T3: =T2-(T2*T1)+T1 -> 0.246577
A4: 2018 Master Case (PS9)
A5: BH Colorado Electric Oper Co | P5: GTD | Q5: Prior Tax Rate | R5: New Tax Rate | S5: New Tax Rate | T5: Tax Gross Up Factor
A6: January Through December | P6: 1 | Q6: 0.35 | R6: 0.21
A7: ======================================== | P7: 1 | Q7: =Q6-(Q6*Q3) -> 0.339675 | R7: =R6-(R6*R3) -> 0.203805 | T7: =ROUND(1/(1-T3),8) -> 1.3272757
P8: GTD | Q8: ADIT @ 35% Federal Income Tax Rate | R8: ADIT @ 21% Federal Income Tax Rate | S8: DDFIT/(EDFIT) before Tax Gross Up | T8: 254015 DDFIT/(EDFIT) | U8: Classification | V8: M-Adjustment
A9: 190300
A10: BENGRP Employee Group Insurance | B10: 128516.5 | C10: -4815.76 | D10: 0 | E10: 0 | F10: 0 | H10: 0 | I10: 0 | J10: 0 | K10: 0 | L10: 123700.74 | O10: =B10+E10+I10+J10+K10 -> 128516.5 | P10: =O10*P$7 -> 128516.5 | Q10: =P10*Q$7 -> 43653.842 | R10: =P10*R$7 -> 26192.305 | S10: =Q10-R10 -> 17461.537 | T10: =S10*T$7 -> 23176.273 | U10: NPNP | V10: Employee Group Insurance
A11: BENPEN Pension | B11: -5948756 | C11: 420088.08 | D11: 0 | E11: -1185000 | F11: 0 | H11: 0 | I11: 0 | J11: 0 | K11: 0 | L11: -6713667.9 | O11: =B11+E11+I11+J11+K11 -> -7133756 | P11: =O11*P$7 -> -7133756 | Q11: =P11*Q$7 -> -2423158.6 | R11: =P11*R$7 -> -1453895.1 | S11: =Q11-R11 -> -969263.43 | T11: =S11*T$7 -> -1286479.7 | U11: NPNP | V11: Pension
A12: BENPPB Performance Plan Bonus | B12: 10088.17 | C12: 4130.44 | D12: 0 | E12: 0 | F12: 0 | H12: 0 | I12: 0 | J12: 0 | K12: 0 | L12: 14218.61 | O12: =B12+E12+I12+J12+K12 -> 10088.17 | P12: =O12*P$7 -> 10088.17 | Q12: =P12*Q$7 -> 3426.6991 | R12: =P12*R$7 -> 2056.0195 | S12: =Q12-R12 -> 1370.6797 | T12: =S12*T$7 -> 1819.2697 | U12: NPNP | V12: Performance Plan
A13: BENRET Retiree Healthcare LT | B13: 5076481.4 | C13: -91663.62 | D13: 0 | E13: 0 | F13: 0 | H13: 0 | I13: 0 | J13: 0 | K13: 34839 | L13: 5019656.8 | O13: =B13+E13+I13+J13+K13 -> 5111320.4 | P13: =O13*P$7 -> 5111320.4 | Q13: =P13*Q$7 -> 1736187.8 | R13: =P13*R$7 -> 1041712.7 | S13: =Q13-R13 -> 694475.1 | T13: =S13*T$7 -> 921759.9 | U13: NPNP | V13: Retiree Healthcare
A14: BENRETS Retiree Healthcare ST | B14: 571081.91 | C14: -124792.98 | D14: 0 | E14: 0 | F14: 0 | H14: 0 | I14: 0 | J14: 0 | K14: -34289 | L14: 411999.93 | O14: =B14+E14+I14+J14+K14 -> 536792.91 | P14: =O14*P$7 -> 536792.91 | Q14: =P14*Q$7 -> 182335.13 | R14: =P14*R$7 -> 109401.08 | S14: =Q14-R14 -> 72934.053 | T14: =S14*T$7 -> 96803.592 | U14: NPNP | V14: Retiree Healthcare
A15: BENVAC Vacation | B15: 186258.31 | C15: 48890.57 | D15: 0 | E15: 0 | F15: 0 | H15: 0 | I15: 0 | J15: 0 | K15: 0 | L15: 235148.88 | O15: =B15+E15+I15+J15+K15 -> 186258.31 | P15: =O15*P$7 -> 186258.31 | Q15: =P15*Q$7 -> 63267.291 | R15: =P15*R$7 -> 37960.375 | S15: =Q15-R15 -> 25306.917 | T15: =S15*T$7 -> 33589.254 | U15: NPNP | V15: Vacation
A16: CRDAMV Alternative Motor Vehicle Credit | B16: 7500 | C16: 0 | D16: 0 | E16: 0 | F16: 0 | H16: 0 | I16: 0 | J16: 0 | K16: 0 | L16: 7500 | O16: =B16+E16+I16+J16+K16 -> 7500 | U16: Exclude
A17: CRDARV Alternative ReFuel Vehicle Credit | B17: 360 | C17: 0 | D17: 0 | E17: 0 | F17: 0 | H17: 0 | I17: 0 | J17: 0 | K17: 0 | L17: 360 | O17: =B17+E17+I17+J17+K17 -> 360 | U17: Exclude
A18: CRDPTC Production Tax Credit | B18: 5540139 | C18: 5103638 | D18: 0 | E18: 0 | F18: 0 | H18: 0 | I18: 0 | J18: 0 | K18: 0 | L18: 10643777 | O18: =B18+E18+I18+J18+K18 -> 5540139 | U18: Exclude
A19: CRDRD1 R & D Credit Carryover | B19: 750147.38 | C19: 0 | D19: 0 | E19: -145.31 | F19: 0 | H19: 0 | I19: 0 | J19: 0 | K19: -26544 | L19: 723458.07 | O19: =B19+E19+I19+J19+K19 -> 723458.07 | U19: Exclude
A20: F48R&D UTP - Other R&D Deferred | B20: -181402.87 | C20: 0 | D20: 0 | E20: 0 | F20: -10334.29 | H20: 0 | I20: 0 | J20: 0 | K20: 0 | L20: -191737.16 | O20: =B20+E20+I20+J20+K20 -> -181402.87 | U20: Exclude
A21: NOLNOL Net Operating Loss Carryforward | B21: 1.640771e+08 | C21: -6649751.1 | D21: -19295659 | E21: 10689103 | F21: 0 | H21: 0 | I21: 3996791 | J21: 4053884.4 | K21: 1784427 | L21: 1.5865589e+08 | O21: =B21+E21+I21+J21+K21 -> 1.846013e+08 | P21: =O21*P$7 -> 1.846013e+08 | Q21: =P21*Q$7 -> 62704447 | R21: =P21*R$7 -> 37622668 | S21: =Q21-R21 -> 25081779 | T21: =S21*T$7 -> 33290434 | U21: Exclude
A22: NOLS10 State NOL Consolidating 1 | B22: 0 | C22: -8754536 | D22: 0 | E22: 0 | F22: 0 | H22: 0 | I22: 0 | J22: 0 | K22: 0 | L22: -8754536 | O22: =B22+E22+I22+J22+K22 -> 0 | P22: =O22*P$7 -> 0 | Q22: =P22*Q$7 -> 0 | R22: =P22*R$7 -> 0 | S22: =Q22-R22 -> 0 | T22: =S22*T$7 -> 0 | U22: Exclude
A23: NOLST3 State NOL 2011 | B23: 1.8631672e+08 | C23: -15133930 | D23: 0 | E23: -8122651 | F23: 0 | H23: 0 | I23: 3716270 | J23: 0 | K23: 0 | L23: 1.6677641e+08 | O23: =B23+E23+I23+J23+K23 -> 1.8191034e+08 | P23: =O23*P$7 -> 1.8191034e+08 | Q23: =P23*Q$7 -> 61790395 | R23: =P23*R$7 -> 37074237 | S23: =Q23-R23 -> 24716158 | T23: =S23*T$7 -> 32805155 | U23: Exclude
A24: NOLST5 State NOL 2014 | B24: -1332207.9 | C24: 0 | D24: 0 | E24: 0 | F24: 0 | H24: 0 | I24: 0 | J24: 0 | K24: 0 | L24: -1332207.9 | O24: =B24+E24+I24+J24+K24 -> -1332207.9 | P24: =O24*P$7 -> -1332207.9 | Q24: =P24*Q$7 -> -452517.72 | R24: =P24*R$7 -> -271510.63 | S24: =Q24-R24 -> -181007.09 | T24: =S24*T$7 -> -240246.3 | U24: Exclude
A25: NOLST6 State NOL 2015 | B25: 20952.68 | C25: 0 | D25: 0 | E25: 0 | F25: 0 | H25: 0 | I25: 0 | J25: 0 | K25: 0 | L25: 20952.68 | O25: =B25+E25+I25+J25+K25 -> 20952.68 | P25: =O25*P$7 -> 20952.68 | Q25: =P25*Q$7 -> 7117.1016 | R25: =P25*R$7 -> 4270.2609 | S25: =Q25-R25 -> 2846.8406 | T25: =S25*T$7 -> 3778.5422 | U25: Exclude
A26: NOLST7 State NOL 2016 | B26: 89528359 | C26: 0 | D26: 0 | E26: 0 | F26: 0 | H26: 0 | I26: 280521 | J26: 0 | K26: 0 | L26: 89808880 | O26: =B26+E26+I26+J26+K26 -> 89808880 | P26: =O26*P$7 -> 89808880 | Q26: =P26*Q$7 -> 30505831 | R26: =P26*R$7 -> 18303499 | S26: =Q26-R26 -> 12202333 | T26: =S26*T$7 -> 16195859 | U26: Exclude
A27: NOLST8 State NOL 2013 | B27: 58881813 | C27: 0 | D27: 0 | E27: 0 | F27: 0 | H27: 0 | I27: 0 | J27: 0 | K27: 0 | L27: 58881813 | O27: =B27+E27+I27+J27+K27 -> 58881813 | P27: =O27*P$7 -> 58881813 | Q27: =P27*Q$7 -> 20000680 | R27: =P27*R$7 -> 12000408 | S27: =Q27-R27 -> 8000271.9 | T27: =S27*T$7 -> 10618566 | U27: Exclude
A28: NOLST8 State NOL 2017 | B28: 0 | C28: 0 | D28: 0 | E28: 13858470 | F28: 0 | H28: 0 | I28: 0 | J28: 4053884.4 | K28: 4656827 | L28: 22569181 | O28: =B28+E28+I28+J28+K28 -> 22569181 | P28: =O28*P$7 -> 22569181 | Q28: =P28*Q$7 -> 7666186.7 | R28: =P28*R$7 -> 4599712 | S28: =Q28-R28 -> 3066474.7 | T28: =S28*T$7 -> 4070057.2 | U28: Exclude
A29: OTHAIP Bonus - AIP | B29: 0 | C29: -29302.72 | D29: 0 | E29: 0 | F29: 0 | H29: 0 | I29: 0 | J29: 0 | K29: 0 | L29: -29302.72 | O29: =B29+E29+I29+J29+K29 -> 0 | P29: =O29*P$7 -> 0 | Q29: =P29*Q$7 -> 0 | R29: =P29*R$7 -> 0 | S29: =Q29-R29 -> 0 | T29: =S29*T$7 -> 0 | U29: NPNP
A30: OTHBON Results Compensation/Bonus/Etc | B30: 530487.2 | C30: 0 | D30: 0 | E30: 0 | F30: 0 | H30: 0 | I30: 0 | J30: 0 | K30: 0 | L30: 530487.2 | O30: =B30+E30+I30+J30+K30 -> 530487.2 | P30: =O30*P$7 -> 530487.2 | Q30: =P30*Q$7 -> 180193.24 | R30: =P30*R$7 -> 108115.94 | S30: =Q30-R30 -> 72077.296 | T30: =S30*T$7 -> 95666.44 | U30: NPNP | V30: Employee Compensation
A31: OTHINS Insurance Reserve | B31: 19930.7 | C31: 500000 | D31: 0 | E31: 389.23 | F31: 0 | H31: 0 | I31: 0 | J31: 0 | K31: 0 | L31: 520319.93 | O31: =B31+E31+I31+J31+K31 -> 20319.93 | P31: =O31*P$7 -> 20319.93 | Q31: =P31*Q$7 -> 6902.1722 | R31: =P31*R$7 -> 4141.3033 | S31: =Q31-R31 -> 2760.8689 | T31: =S31*T$7 -> 3664.434 | U31: NPNP | V31: Insurance Reserve
A32: OTHLED Line Extension Deposits | B32: 2983117.1 | C32: 734022.87 | D32: 0 | E32: 9805.41 | F32: 0 | H32: 0 | I32: 0 | J32: 0 | K32: 0 | L32: 3726945.4 | O32: =B32+E32+I32+J32+K32 -> 2992922.6 | P32: =O32*P$7 -> 2992922.6 | Q32: =P32*Q$7 -> 1016621 | R32: =P32*R$7 -> 609972.58 | S32: =Q32-R32 -> 406648.39 | T32: =S32*T$7 -> 539734.5 | U32: NPNP | V32: Line Extension Deposits
A33: OTHPPM Reg Power Plaint Maint | B33: 859042.77 | C33: 0 | D33: 0 | E33: 0 | F33: 0 | H33: 0 | I33: 0 | J33: 0 | K33: 0 | L33: 859042.77 | O33: =B33+E33+I33+J33+K33 -> 859042.77 | P33: =O33*P$7 -> 859042.77 | Q33: =P33*Q$7 -> 291795.35 | R33: =P33*R$7 -> 175077.21 | S33: =Q33-R33 -> 116718.14 | T33: =S33*T$7 -> 154917.15 | U33: NPNP | V33: Power Plan Maint
A34: OTHPUC PUC Fees | B34: 421689.51 | C34: 0 | D34: 0 | E34: 44238.14 | F34: 0 | H34: 0 | I34: 0 | J34: 0 | K34: 0 | L34: 465927.65 | O34: =B34+E34+I34+J34+K34 -> 465927.65 | P34: =O34*P$7 -> 465927.65 | Q34: =P34*Q$7 -> 158263.97 | R34: =P34*R$7 -> 94958.385 | S34: =Q34-R34 -> 63305.59 | T34: =S34*T$7 -> 84023.968 | U34: NPNP | V34: PUC Fees
A35: OTHRSR Reg RESA Rider | B35: -1438493.6 | C35: 0 | D35: 0 | E35: 350277.32 | F35: 0 | H35: 0 | I35: 0 | J35: 0 | K35: 0 | L35: -1088216.3 | O35: =B35+E35+I35+J35+K35 -> -1088216.3 | P35: =O35*P$7 -> -1088216.3 | Q35: =P35*Q$7 -> -369639.86 | R35: =P35*R$7 -> -221783.91 | S35: =Q35-R35 -> -147855.94 | T35: =S35*T$7 -> -196245.59 | U35: NPNP | V35: Resa Rider
A36: OTHWMC Workmans Compensation | B36: 364754.71 | C36: -37221.04 | D36: 0 | E36: 0 | F36: 0 | H36: 0 | I36: 0 | J36: 0 | K36: 0 | L36: 327533.67 | O36: =B36+E36+I36+J36+K36 -> 364754.71 | P36: =O36*P$7 -> 364754.71 | Q36: =P36*Q$7 -> 123898.06 | R36: =P36*R$7 -> 74338.834 | S36: =Q36-R36 -> 49559.222 | T36: =S36*T$7 -> 65778.749 | U36: NPNP | V36: Workman's Compensation
A37: RESBDR Bad Debt Reserve | B37: 6439396.7 | C37: -32145.76 | D37: 0 | E37: 1607267.7 | F37: 0 | H37: 0 | I37: -280521 | J37: 0 | K37: 0 | L37: 7733997.6 | O37: =B37+E37+I37+J37+K37 -> 7766143.4 | P37: =O37*P$7 -> 7766143.4 | Q37: =P37*Q$7 -> 2637964.7 | R37: =P37*R$7 -> 1582778.8 | S37: =Q37-R37 -> 1055185.9 | T37: =S37*T$7 -> 1400522.5 | U37: NPNP | V37: Bad Debt Reserve
A38: RGAET1 Excess Tax - Non-Protected NOL RB | B38: 212012917 | C38: -10678080 | D38: 0 | E38: 111388.02 | F38: 0 | H38: 0 | I38: -18758572 | J38: 0 | K38: 0 | L38: 1.8268765e+08 | O38: =B38+E38+I38+J38+K38 -> 1.9336573e+08 | U38: Exclude
A39: RGAET2 Excess Tax - Non-Protected Property RB | B39: -54139282 | C39: 586299.33 | D39: 0 | E39: -13475313 | F39: 0 | H39: 0 | I39: 15465788 | J39: 0 | K39: 0 | L39: -51562507 | O39: =B39+E39+I39+J39+K39 -> -52148807 | U39: Exclude
A40: RGAET3 Excess Tax - Non-Protected NP RB | B40: 0 | C40: 0 | D40: 0 | E40: 0 | F40: 0 | H40: 0 | I40: 6629516.8 | J40: 0 | K40: 0 | L40: 6629516.8 | O40: =B40+E40+I40+J40+K40 -> 6629516.8 | U40: Exclude
A41: RGAET5 Excess Tax - Non-Protected Property NPT | B41: 0 | C41: 0 | D41: 0 | E41: 0 | F41: 0 | H41: 0 | I41: 1890375 | J41: 0 | K41: 0 | L41: 1890375 | O41: =B41+E41+I41+J41+K41 -> 1890375 | U41: Exclude
A42: RGAETF Excess Tax - Protected Property | B42: -4.3202272e+08 | C42: 10416359 | D42: 0 | E42: 667000.07 | F42: 0 | H42: 0 | I42: -16033974 | J42: 0 | K42: 0 | L42: -4.3697333e+08 | O42: =B42+E42+I42+J42+K42 -> -4.4738969e+08 | U42: Exclude
A43: RGAPE2 Reg Pension DT | B43: 13175079 | C43: 57764.96 | D43: 0 | E43: 0 | F43: 0 | H43: 0 | I43: 0 | J43: 0 | K43: 0 | L43: 13232844 | O43: =B43+E43+I43+J43+K43 -> 13175079 | P43: =O43*P$7 -> 13175079 | Q43: =P43*Q$7 -> 4475244.8 | R43: =P43*R$7 -> 2685146.9 | S43: =Q43-R43 -> 1790097.9 | T43: =S43*T$7 -> 2375953.4 | U43: Exclude
A44: RGARH2 Reg Retiree Healthcare - DT | B44: -1575781 | C44: -469245 | D44: 0 | E44: 0 | F44: 0 | H44: 0 | I44: 0 | J44: 0 | K44: -347 | L44: -2045373 | O44: =B44+E44+I44+J44+K44 -> -1576128 | P44: =O44*P$7 -> -1576128 | Q44: =P44*Q$7 -> -535371.28 | R44: =P44*R$7 -> -321222.77 | S44: =Q44-R44 -> -214148.51 | T44: =S44*T$7 -> -284234.1 | U44: Exclude
A45: RGAST5 State Tax Credit - R&D CF | B45: 79969.53 | C45: 0 | D45: 0 | E45: 0 | F45: 0 | H45: 0 | I45: 0 | J45: 0 | K45: 25710 | L45: 105679.53 | O45: =B45+E45+I45+J45+K45 -> 105679.53 | U45: Exclude
A46: Total 190300 | B46: 2.5134326e+08 | C46: -24134290 | D46: -19295659 | E46: 4554829.8 | F46: -10334.29 | H46: 0 | I46: -3093804.9 | J46: 8107768.8 | K46: 6440623 | L46: 2.239124e+08
A47: ========================================
A48: 190301
A49: F48IN2 UTP - Accrued Int B/S Exp | B49: -101679 | C49: 0 | D49: 0 | E49: 0 | F49: 0 | H49: 0 | I49: 0 | J49: 0 | K49: 101679 | L49: 0 | O49: =B49+E49+I49+J49+K49 -> 0 | U49: Exclude
A50: OTH143 Aro Fasb 143 Asset | B50: 2078242 | C50: -2410757.4 | D50: 0 | E50: -18665.53 | F50: 0 | H50: 0 | I50: 0 | J50: 0 | K50: 0 | L50: -351180.97 | O50: =B50+E50+I50+J50+K50 -> 2059576.5 | U50: Exclude
A51: OTHAIP Bonus - AIP | B51: 0 | C51: -29302.72 | D51: 0 | E51: 0 | F51: 0 | H51: 0 | I51: 0 | J51: 0 | K51: 0 | L51: -29302.72 | O51: =B51+E51+I51+J51+K51 -> 0 | U51: Exclude
A52: OTHBON Results Compensation/Bonus/Etc | B52: 530487.2 | C52: 0 | D52: 0 | E52: -0.02 | F52: 0 | H52: 0 | I52: 0 | J52: 0 | K52: 0 | L52: 530487.18 | O52: =B52+E52+I52+J52+K52 -> 530487.18 | U52: Exclude
A53: OTHREG Other Reg Liability | B53: 0 | C53: 0 | D53: 0 | E53: 0 | F53: 0 | H53: 0 | I53: 0 | J53: 0 | K53: 0 | L53: 0 | O53: =B53+E53+I53+J53+K53 -> 0 | U53: Exclude
A54: OTHRFD Rate Refund | B54: 0 | C54: 2773753 | D54: 0 | E54: 0 | F54: 0 | H54: 0 | I54: 0 | J54: 0 | K54: 0 | L54: 2773753 | O54: =B54+E54+I54+J54+K54 -> 0 | U54: Exclude
A55: OTHSTI Bonus - STIP | B55: 0 | C55: 15904.17 | D55: 0 | E55: 0 | F55: 0 | H55: 0 | I55: 0 | J55: 0 | K55: 0 | L55: 15904.17 | O55: =B55+E55+I55+J55+K55 -> 0 | U55: Exclude
A56: PPEAPR Appraisal Adjust | B56: 39927500 | C56: -1599137.7 | D56: 0 | E56: 0 | F56: 0 | H56: 0 | I56: 0 | J56: 0 | K56: -12310150 | L56: 26018212 | O56: =B56+E56+I56+J56+K56 -> 27617350 | U56: Exclude
A57: RGAPE2 Reg Pension DT | B57: 13175079 | C57: 57764.96 | D57: 0 | E57: 0 | F57: 0 | H57: 0 | I57: 0 | J57: 0 | K57: 0 | L57: 13232844 | O57: =B57+E57+I57+J57+K57 -> 13175079 | U57: Exclude
A58: RGARH2 Reg Retiree Healthcare - DT | B58: -1575781 | C58: -469245 | D58: 0 | E58: 0 | F58: 0 | H58: 0 | I58: 0 | J58: 0 | K58: -347 | L58: -2045373 | O58: =B58+E58+I58+J58+K58 -> -1576128 | U58: Exclude
A59: RGAST1 ITC - State Def Tax | B59: 5492970.2 | C59: 0 | D59: 0 | E59: 0 | F59: 0 | H59: -1226737.6 | I59: 1183100.8 | J59: 0 | K59: 0 | L59: 5449333.4 | O59: =B59+E59+I59+J59+K59 -> 6676071 | U59: Exclude
A60: RGAST2 State Tax Credit - ITC CF | B60: 12777018 | C60: 0 | D60: 0 | E60: 0 | F60: 0 | H60: 0 | I60: 0 | J60: 0 | K60: 0 | L60: 12777018 | O60: =B60+E60+I60+J60+K60 -> 12777018 | U60: Exclude
A61: RGAST3 State Tax Credit - VA | B61: -3604882.5 | C61: 0 | D61: 0 | E61: 0 | F61: 0 | H61: -1596080 | I61: 0 | J61: 0 | K61: 0 | L61: -5200962.5 | O61: =B61+E61+I61+J61+K61 -> -3604882.5 | U61: Exclude
A62: Total 190301 | B62: 68698953 | C62: -1661020.7 | D62: 0 | E62: -18665.55 | F62: 0 | H62: -2822817.6 | I62: 1183100.8 | J62: 0 | K62: -12208818 | L62: 53170732
A63: ========================================
A64: 282300
A65: PPE160 Depreciation - 1603 Grant | B65: 4184658 | C65: 0 | D65: 0 | E65: 0 | F65: 0 | H65: 0 | I65: 0 | J65: 0 | K65: 0 | L65: 4184658 | N65: =B65+E65+I65+J65+K65 -> 4184658 | O65: 3480140.7 | P65: =O65*P$7 -> 3480140.7 | Q65: =P65*Q$7 -> 1182116.8 | R65: =P65*R$7 -> 709270.08 | S65: =Q65-R65 -> 472846.72 | T65: =S65*T$7 -> 627597.94 | U65: NPP | V65: 1603 grant
A66: PPE162 Sec 162 Ordinary & Necessary Busin | B66: -2988193 | C66: 0 | D66: 0 | E66: 0 | F66: 0 | H66: 0 | I66: 0 | J66: 0 | K66: 0 | L66: -2988193 | N66: =B66+E66+I66+J66+K66 -> -2988193 | O66: -1367948.3 | P66: =O66*P$7 -> -1367948.3 | Q66: =P66*Q$7 -> -464657.83 | R66: =P66*R$7 -> -278794.7 | S66: =Q66-R66 -> -185863.13 | T66: =S66*T$7 -> -246691.61 | U66: NPP | V66: 162 ordinary & necessary busin
A67: PPE174 Section 174 Develop & Engineer Cos | B67: -22625930 | C67: 0 | D67: 0 | E67: 0 | F67: 0 | H67: 0 | I67: 0 | J67: 0 | K67: 0 | L67: -22625930 | N67: =B67+E67+I67+J67+K67 -> -22625930 | O67: -19902939 | P67: =O67*P$7 -> -19902939 | Q67: =P67*Q$7 -> -6760530.8 | R67: =P67*R$7 -> -4056318.5 | S67: =Q67-R67 -> -2704212.3 | T67: =S67*T$7 -> -3589235.2 | U67: NPP | V67: 174 Develop & Engineer
A68: PPEAMR Amortization | B68: 2921220.4 | C68: 0 | D68: 0 | E68: 721326.57 | F68: 0 | H68: 0 | I68: 0 | J68: 0 | K68: 0 | L68: 3642547 | N68: =B68+E68+I68+J68+K68 -> 3642547 | P68: =O68*P$7 -> 0 | Q68: =P68*Q$7 -> 0 | R68: =P68*R$7 -> 0 | S68: =Q68-R68 -> 0 | T68: =S68*T$7 -> 0 | U68: PP | V68: Accelerated Depreciation - Method and Life
A69: PPECIA Contributions In Aid Of Const-Elec | B69: 32903665 | C69: 1570574.6 | D69: 0 | E69: 639.33 | F69: 0 | H69: 0 | I69: 0 | J69: 0 | K69: 0 | L69: 34474879 | N69: =B69+E69+I69+J69+K69 -> 32904305 | O69: 22703548 | P69: =O69*P$6 -> 22703548 | Q69: =P69*Q$7 -> 7711827.6 | R69: =P69*R$7 -> 4627096.6 | S69: =Q69-R69 -> 3084731.1 | T69: =S69*T$7 -> 4094288.4 | U69: NPP | V69: Contribution in Aid of Construction
A70: PPECOR Cost Of Removal-Elect | B70: -5111527.7 | C70: -666764.89 | D70: 0 | E70: 0 | F70: 0 | H70: 0 | I70: 0 | J70: 0 | K70: 0 | L70: -5778292.6 | N70: =B70+E70+I70+J70+K70 -> -5111527.7 | O70: 12501555 | P70: =O70*P$6 -> 12501555 | Q70: =P70*Q$7 -> 4246465.9 | R70: =P70*R$7 -> 2547879.5 | S70: =Q70-R70 -> 1698586.3 | T70: =S70*T$7 -> 2254492.3 | U70: PP | V70: Cost of Removal
A71: PPEDP4 GAAP Property | B71: 0 | C71: 0 | D71: 0 | E71: 0 | F71: 0 | H71: 0 | I71: 0 | J71: 0 | K71: -1474 | L71: -1474 | N71: =B71+E71+I71+J71+K71 -> -1474 | P71: =O71*P$6 -> 0 | Q71: =P71*Q$7 -> 0 | R71: =P71*R$7 -> 0 | S71: =Q71-R71 -> 0 | T71: =S71*T$7 -> 0 | U71: NPP | V71: GAAP property
A72: PPEDPR Depreciation | B72: -4.3494394e+08 | C72: 1507188.3 | D72: 0 | E72: 666999.57 | F72: 0 | H72: 0 | I72: -12020788 | J72: -3427150.6 | K72: 22986531 | L72: -4.2523116e+08 | N72: =B72+E72+I72+J72+K72 -> -4.2673834e+08 | O72: -4.5888965e+08 | P72: =O72*P$6 -> -4.5888965e+08 | Q72: =P72*Q$7 -> -1.5587334e+08 | R72: =P72*R$7 -> -93524006 | S72: =Q72-R72 -> -62349337 | T72: =S72*T$7 -> -82754757 | U72: PP | V72: Accelerated Depreciation - Method and Life
A73: PPEFAC IDD 5 -Elect | B73: -9613502.8 | C73: -3008909.6 | D73: 0 | E73: -11220448 | F73: 0 | H73: 0 | I73: 0 | J73: 0 | K73: 0 | L73: -23842860 | N73: =B73+E73+I73+J73+K73 -> -20833950 | O73: -21027219 | P73: =O73*P$6 -> -21027219 | Q73: =P73*Q$7 -> -7142420.7 | R73: =P73*R$7 -> -4285452.4 | S73: =Q73-R73 -> -2856968.3 | T73: =S73*T$7 -> -3791984.5 | U73: NPP | V73: Capitalization of Overhead
A74: PPEINT Capitalized Interest | B74: -2952841.7 | C74: 0 | D74: 0 | E74: 85071.64 | F74: 0 | H74: 0 | I74: 0 | J74: 0 | K74: 0 | L74: -2867770.1 | N74: =B74+E74+I74+J74+K74 -> -2867770.1 | O74: 252398.56 | P74: =O74*P$6 -> 252398.56 | Q74: =P74*Q$7 -> 85733.481 | R74: =P74*R$7 -> 51440.089 | S74: =Q74-R74 -> 34293.392 | T74: =S74*T$7 -> 45516.785 | U74: NPP | V74: Construction Period Interest
A75: PPEUOP Unit of Property | B75: -45787491 | C75: -2635174.9 | D75: 0 | E75: -3324131.2 | F75: 0 | H75: 0 | I75: 0 | J75: 0 | K75: 0 | L75: -51746797 | N75: =B75+E75+I75+J75+K75 -> -49111622 | O75: -35693416 | P75: =O75*P$6 -> -35693416 | Q75: =P75*Q$7 -> -12124161 | R75: =P75*R$7 -> -7274496.6 | S75: =Q75-R75 -> -4849664.4 | T75: =S75*T$7 -> -6436841.5 | U75: NPP | V75: Tax Repairs Deduction
A76: T01504 Book/Tax Gain Difference | B76: -8463403.1 | C76: 247788.11 | D76: 0 | E76: 389354.39 | F76: 0 | H76: 0 | I76: 0 | J76: 379.96 | K76: 0 | L76: -7825880.6 | N76: =B76+E76+I76+J76+K76 -> -8073668.7 | O76: =N76 -> -8073668.7 | P76: 1890375.3 | Q76: =P76*Q$7 -> 642113.23 | R76: =P76*R$7 -> 385267.94 | S76: =Q76-R76 -> 256845.29 | T76: =S76*T$7 -> 340904.5 | U76: NPP | V76: Non-Protected Property Not In Power Tax
A77: Total 282300 | B77: -4.9247728e+08 | C77: -2985298.3 | D77: 0 | E77: -12681187 | F77: 0 | H77: 0 | I77: -12020788 | J77: -3426770.6 | K77: 22985057 | L77: -5.0060627e+08
A78: ========================================
A79: 282301
A80: PPENSC Reg Asset Non Service Cost | B80: 0 | C80: -93724.02 | D80: 0 | E80: 0 | F80: 0 | H80: 0 | I80: 0 | J80: 0 | K80: 0 | L80: -93724.02 | O80: =B80+E80+I80+J80+K80 -> 0 | U80: Exclude
A81: Total 282301 | B81: 0 | C81: -93724.02 | D81: 0 | E81: 0 | F81: 0 | H81: 0 | I81: 0 | J81: 0 | K81: 0 | L81: -93724.02
A82: ========================================
A83: 283300
A84: DEFRAT Deferred Rate Case | B84: -378023.27 | C84: -130111.46 | D84: 0 | E84: 0 | F84: 0 | H84: 0 | I84: 0 | J84: 0 | K84: 0 | L84: -508134.73 | O84: =B84+E84+I84+J84+K84 -> -378023.27 | P84: =O84*P$7 -> -378023.27 | Q84: =P84*Q$7 -> -128405.05 | R84: =P84*R$7 -> -77043.033 | S84: =Q84-R84 -> -51362.022 | T84: =S84*T$7 -> -68171.561 | U84: NPNP | V84: Deferred Rate Case
A85: NOLS10 State NOL Consolidating 1 | B85: 0 | C85: -8754536 | D85: 0 | E85: 0 | F85: 0 | H85: 0 | I85: 0 | J85: 0 | K85: 0 | L85: -8754536 | O85: =B85+E85+I85+J85+K85 -> 0 | P85: =O85*P$7 -> 0 | Q85: =P85*Q$7 -> 0 | R85: =P85*R$7 -> 0 | S85: =Q85-R85 -> 0 | T85: =S85*T$7 -> 0 | U85: Exclude
A86: NOLST3 State NOL 2011 | B86: 1.8631672e+08 | C86: -15133930 | D86: 0 | E86: -8122651 | F86: 0 | H86: 0 | I86: 3716270 | J86: 0 | K86: 0 | L86: 1.6677641e+08 | O86: =B86+E86+I86+J86+K86 -> 1.8191034e+08 | P86: =O86*P$7 -> 1.8191034e+08 | Q86: =P86*Q$7 -> 61790395 | R86: =P86*R$7 -> 37074237 | S86: =Q86-R86 -> 24716158 | T86: =S86*T$7 -> 32805155 | U86: Exclude
A87: NOLST5 State NOL 2014 | B87: -1332207.9 | C87: 0 | D87: 0 | E87: 0 | F87: 0 | H87: 0 | I87: 0 | J87: 0 | K87: 0 | L87: -1332207.9 | O87: =B87+E87+I87+J87+K87 -> -1332207.9 | P87: =O87*P$7 -> -1332207.9 | Q87: =P87*Q$7 -> -452517.72 | R87: =P87*R$7 -> -271510.63 | S87: =Q87-R87 -> -181007.09 | T87: =S87*T$7 -> -240246.3 | U87: Exclude
A88: NOLST6 State NOL 2015 | B88: 20952.68 | C88: 0 | D88: 0 | E88: 0 | F88: 0 | H88: 0 | I88: 0 | J88: 0 | K88: 0 | L88: 20952.68 | O88: =B88+E88+I88+J88+K88 -> 20952.68 | P88: =O88*P$7 -> 20952.68 | Q88: =P88*Q$7 -> 7117.1016 | R88: =P88*R$7 -> 4270.2609 | S88: =Q88-R88 -> 2846.8406 | T88: =S88*T$7 -> 3778.5422 | U88: Exclude
A89: NOLST7 State NOL 2016 | B89: 89528359 | C89: 0 | D89: 0 | E89: 0 | F89: 0 | H89: 0 | I89: 280521 | J89: 0 | K89: 0 | L89: 89808880 | O89: =B89+E89+I89+J89+K89 -> 89808880 | P89: =O89*P$7 -> 89808880 | Q89: =P89*Q$7 -> 30505831 | R89: =P89*R$7 -> 18303499 | S89: =Q89-R89 -> 12202333 | T89: =S89*T$7 -> 16195859 | U89: Exclude
A90: NOLST8 State NOL 2013 | B90: 58881813 | C90: 0 | D90: 0 | E90: 0 | F90: 0 | H90: 0 | I90: 0 | J90: 0 | K90: 0 | L90: 58881813 | O90: =B90+E90+I90+J90+K90 -> 58881813 | P90: =O90*P$7 -> 58881813 | Q90: =P90*Q$7 -> 20000680 | R90: =P90*R$7 -> 12000408 | S90: =Q90-R90 -> 8000271.9 | T90: =S90*T$7 -> 10618566 | U90: Exclude
A91: NOLST8 State NOL 2017 | B91: 0 | C91: 0 | D91: 0 | E91: 13858470 | F91: 0 | H91: 0 | I91: 0 | J91: 4053884.4 | K91: 4656827 | L91: 22569181 | O91: =B91+E91+I91+J91+K91 -> 22569181 | P91: =O91*P$7 -> 22569181 | Q91: =P91*Q$7 -> 7666186.7 | R91: =P91*R$7 -> 4599712 | S91: =Q91-R91 -> 3066474.7 | T91: =S91*T$7 -> 4070057.2 | U91: Exclude
A92: OTHPEN Pension - Reg | B92: -2757079.7 | C92: 573080.04 | D92: 0 | E92: 0 | F92: 0 | H92: 0 | I92: 0 | J92: 0 | K92: 0 | L92: -2183999.7 | O92: =B92+E92+I92+J92+K92 -> -2757079.7 | P92: =O92*P$7 -> -2757079.7 | Q92: =P92*Q$7 -> -936511.05 | R92: =P92*R$7 -> -561906.63 | S92: =Q92-R92 -> -374604.42 | T92: =S92*T$7 -> -497203.33 | U92: NPNP | V92: Pension-Reg
A93: OTHRHC Ret Hc - Reg | B93: 0 | C93: 0 | D93: 0 | E93: 0 | F93: 0 | H93: 0 | I93: 0 | J93: 0 | K93: 0 | L93: 0 | O93: =B93+E93+I93+J93+K93 -> 0 | P93: =O93*P$7 -> 0 | Q93: =P93*Q$7 -> 0 | R93: =P93*R$7 -> 0 | S93: =Q93-R93 -> 0 | T93: =S93*T$7 -> 0 | U93: NPNP | V93: Ret Hc-Reg
A94: PREPAD Prepaid Expenses | B94: -753208.74 | C94: 0 | D94: 0 | E94: -232776.34 | F94: 0 | H94: 0 | I94: 0 | J94: 0 | K94: 0 | L94: -985985.08 | O94: =B94+E94+I94+J94+K94 -> -985985.08 | P94: =O94*P$7 -> -985985.08 | Q94: =P94*Q$7 -> -334914.48 | R94: =P94*R$7 -> -200948.69 | S94: =Q94-R94 -> -133965.79 | T94: =S94*T$7 -> -177809.53 | U94: NPNP | V94: Prepaid Expenses
A95: REGAFU Equity Afudc | B95: -958436.54 | C95: 0 | D95: 60812.36 | E95: 0 | F95: 0 | H95: 0 | I95: 0 | J95: 0 | K95: 0 | L95: -897624.18 | O95: =B95+E95+I95+J95+K95 -> -958436.54 | P95: =O95*P$7 -> -958436.54 | Q95: =P95*Q$7 -> -325556.93 | R95: =P95*R$7 -> -195334.16 | S95: =Q95-R95 -> -130222.77 | T95: =S95*T$7 -> -172841.52 | U95: Exclude | V95: Equity AFUDC
A96: Total 283300 | B96: 3.2856889e+08 | C96: -23445497 | D96: 60812.36 | E96: 5503042.7 | F96: 0 | H96: 0 | I96: 3996791 | J96: 4053884.4 | K96: 4656827 | L96: 3.2339475e+08
A97: ========================================
A98: 283301
A99: DEFEEA Reg Energy Efficient Asset | B99: -1115619.1 | C99: 0 | D99: 0 | E99: 2122336.9 | F99: 0 | H99: 0 | I99: 0 | J99: 0 | K99: 0 | L99: 1006717.7 | U99: Exclude
A100: DEFOTH Reg Other Asset | B100: -8610180.3 | C100: -331320.2 | D100: 0 | E100: -1097502.8 | F100: 0 | H100: 0 | I100: 0 | J100: 0 | K100: 0 | L100: -10039003 | U100: Exclude
...

Sheet Property Excess Deferreds TBBS
A3: Jurisdiction: Federal | B3: "_x000D_ Beginning_x000D_ Difference" | C3: "_x000D_ Current_x000D_ Difference" | D3: "_x000D_ Ending_x000D_ Difference" | E3: Protect Property Vs. Non Protected Property
A4: Tax Year: 2017
A5: PowerTax Deferred Tax Summary Report
A6: 2017 Case including DITs
A7: BH Colorado Electric Oper Co
A9: Grouped By: Total Tax Classes | F9: =-D19-D15 -> 3480140.7 | G9: PPE160 Depreciation - 1603 Grant
A10: Fed/CO-COR | B10: -10356814 | C10: -2144741.7 | D10: -12501555 | E10: PP | F10: =-D23 -> -1367948.3 | G10: PPE162 Sec 162 Ordinary & Necessary Busin
A11: Fed/CO-GL Balancing | B11: 305315.36 | C11: -9.5 | D11: 305305.86 | E11: PP | F11: =-D24+D45 -> -19902939 | G11: PPE174 Section 174 Develop & Engineer Cos
A12: Fed/CO-Method/Life | B12: 4.1407879e+08 | C12: 22611454 | D12: 4.3669025e+08 | E12: PP | G12: PPEAMR Amortization
A13: Depreciation Difference | B13: 4.0402729e+08 | C13: 20466703 | D13: 4.24494e+08 | F13: =-D38 -> 22703548 | G13: PPECIA Contributions In Aid Of Const-Elec
A14: Fed/CO-AFUDC Debt | B14: 0 | C14: 250306.04 | D14: 250306.04 | E14: NPP | F14: =-SUM(D10,D16) -> 12501555 | G14: PPECOR Cost Of Removal-Elect
A15: Fed/CO-Alt Motor Veh Credit | B15: 4979.51 | C15: -663.93 | D15: 4315.58 | E15: NPP | G15: PPEDP4 GAAP Property
A16: Fed/CO-Aquila COR Adj | B16: 0 | C16: 0 | D16: 0 | E16: NPP | F16: =-SUM(D11:D12,D17) -> -4.5888965e+08 | G16: PPEDPR Depreciation
A17: Fed/CO-Aquila Net Book Adj | B17: 23428242 | C17: -1534142.1 | D17: 21894100 | E17: PP | F17: =-SUM(D18,D20,D21) -> -21027219 | G17: PPEFAC IDD 5 -Elect
A18: Fed/CO-Facts & Circumstances | B18: 5435157.8 | C18: -96698.7 | D18: 5338459.1 | E18: NPP | F18: =-SUM(D37,D39,D14) -> 252398.56 | G18: PPEINT Capitalized Interest
A19: Fed/CO-Grant Basis Reduction | B19: -3617866.5 | C19: 133410.22 | D19: -3484456.3 | E19: NPP | F19: =-SUM(D25:D27,D22,D32:D34) -> -35693416 | G19: PPEUOP Unit of Property
A20: Fed/CO-IDD #5 | B20: 2519235.6 | C20: 11759589 | D20: 14278825 | E20: NPP | G20: T01504 Book/Tax Gain Difference
A21: Fed/CO-IDD5 481(a) Adj | B21: 1438343.5 | C21: -28408.18 | D21: 1409935.3 | E21: NPP | F21: =SUM(F9:F19) -> -4.9794353e+08
A22: Fed/CO-Repair Expenses Cap | B22: 151569.62 | C22: -3944.34 | D22: 147625.28 | E22: NPP | F22: =SUM(D10:D12,D14:D27,D32:D34,D37:D39)-D45+F21 -> 0
A23: Fed/CO-Sec 162 | B23: 1407274.1 | C23: -39325.87 | D23: 1367948.3 | E23: NPP
A24: Fed/CO-Sec 174 | B24: 20689745 | C24: -786806.15 | D24: 19902939 | E24: NPP
A25: Fed/CO-Unit of Property Adj | B25: 29133181 | C25: 4630525.8 | D25: 33763707 | E25: NPP
A26: Fed/CO-UOP Adjustment 20% | B26: 0 | C26: 0 | D26: 0 | E26: NPP
A27: Fed/CO-UOP COR Adjustment | B27: 16.53 | C27: -0.25 | D27: 16.28 | E27: NPP
A28: Book Overhead | B28: 80589879 | C28: 14283842 | D28: 94873721
A29: Fed/CO-AFUDC Equity-FT | B29: 1158733.5 | C29: -305713.8 | D29: 853019.69
A30: Fed/CO-UOP Adjust Flow Thru-FT | B30: 0 | C30: 0 | D30: 0
A31: Book Overhead | B31: 1158733.5 | C31: -305713.8 | D31: 853019.69
A32: Fed/CO-481a Adjustment | B32: 2087367.8 | C32: -130749.05 | D32: 1956618.8 | E32: NPP
A33: Fed/CO-481a Bonus Adjustment | B33: -114249.46 | C33: 10639.52 | D33: -103609.94 | E33: NPP
A34: Fed/CO-48a(a) Adjustment 2013 | B34: -77712.02 | C34: 6770.53 | D34: -70941.49 | E34: NPP
A35: Fed/CO-Aquila Cost Adj | B35: -1982899.6 | C35: 155944.17 | D35: -1826955.4 | E35: E
A36: Fed/CO-Aquila Step-Up Adj | B36: -27261804 | C36: 1471410 | D36: -25790394 | E36: E
A37: Fed/CO-Cap Interest | B37: -197964.56 | C37: 19788.69 | D37: -178175.87 | E37: NPP
A38: Fed/CO-CIAC - Taxable | B38: -20927635 | C38: -1775913.1 | D38: -22703548 | E38: NPP
A39: Fed/CO-CPI | B39: 0 | C39: -324528.73 | D39: -324528.73 | E39: NPP
A40: Tax Overhead | B40: -48474897 | C40: -566637.96 | D40: -49041535
A41: Total Tax Classes | B41: 4.3730101e+08 | C41: 33878193 | D41: 4.711792e+08
A42: Jurisdiction Totals: | B42: 4.3730101e+08 | C42: 33878193 | D42: 4.711792e+08

Sheet withwithout
A1: SCHEDULE A | E1: Color key code linked data
A2: BHCOE BU 50507 - Net Operating Loss (NOL) Deferred Tax Asset (DTA) Adjustment | F2: CONFIDENTIAL
A5: Approved:
A6: Approved Revised: | E6: Federal | I6: State | M6: Total
T7: With BHUH & SC
A8: BALANCE PRIOR TO TEST YEAR: | D8: REF | E8: Deferred Tax Asset Dr/(Cr) | H8: REF | I8: Deferred Tax Asset Dr/(Cr) | L8: REF | M8: Deferred Tax Asset Dr/(Cr) | Q8: Federal | R8: State | T8: Federal | U8: State
A9: 2010 NOL Carryforward Utilization | E9: 5887040.4 | I9: 343267.66 | M9: =+E9+I9 -> 6230308 | Q9: =+E9 -> 5887040.4 | R9: =+I9 -> 343267.66 | T9: 6030819.9 | U9: 351651.3
A10: 2011 NOL Carryforward Utilization | E10: 78728391 | I10: 4590576.8 | M10: =+E10+I10 -> 83318968 | Q10: =+E10 -> 78728391 | R10: =+I10 -> 4590576.8 | T10: 80944546 | U10: 4719798.6
A11: 2012 NOL Carryforward Utilization | E11: -12048806 | I11: -702554.28 | M11: =+E11+I11 -> -12751360 | Q11: =+E11 -> -12048806 | R11: =+I11 -> -702554.28 | T11: 6220077.8 | U11: 316450.03
A12: 2013 NOL Carryforward Utilization | E12: -1788060.2 | I12: -104260.07 | M12: =+E12+I12 -> -1892320.3 | Q12: =+E12 -> -1788060.2 | R12: =+I12 -> -104260.07 | T12: 453601.39 | U12: 2156.1924
A13: 2014 NOL Carryforward Utilization | E13: -5337695.9 | I13: -311235.91 | M13: =+E13+I13 -> -5648931.8 | Q13: =+E13 -> -5337695.9 | R13: =+I13 -> -311235.91 | T13: 7530452 | U13: 439093.41
A14: 2015 NOL Carryforward Utiliization | E14: -6590995.8 | I14: -384314.63 | M14: =+E14+I14 -> -6975310.5 | Q14: =+E14 -> -6590995.8 | R14: =+I14 -> -384314.63 | T14: 9116313.8 | U14: 531563.49
A15: 2016 NOL Carryforward Utilization | E15: 11308011 | I15: 982075.01 | M15: =+E15+I15 -> 12290086 | Q15: =+E15 -> 11308011 | R15: =+I15 -> 982075.01 | T15: 32104045 | U15: 2810544.9
A16: 2017 NOL Carryforward Utilization | E16: -2164929.4 | I16: -188019.19 | M16: =+E16+I16 -> -2352948.6 | Q16: =+E16 -> -2164929.4 | R16: =+I16 -> -188019.19 | T16: 11679444 | U16: 1022475.6
A19: Separate Return Basis DTANOL Balance | E19: =SUM(E9:E18) -> 67992956 | F19: =E19*0.6 -> 40795773 | I19: =SUM(I9:I18) -> 4225535.3 | M19: =+E19+I19 -> 72218491 | Q19: =SUM(Q9:Q18) -> 67992956 | R19: =SUM(R9:R18) -> 4225535.3 | T19: 1.540793e+08 | U19: 10193734
A21: NOL Per Trial Balance | E21: 57426984 | F21: =E21*0.6 -> 34456190 | I21: 6761203.4 | M21: =E21+I21 -> 64188187 | Q21: 57426984 | R21: 6761203.4
M22: =+M21/0.35 -> 1.8339482e+08
A23: Adjustment needed to NOL | E23: =E19-E21 -> 10565972 | F23: =+F19-F21 -> 6339583 | I23: =I19-I21 -> -2535668 | M23: =E23+I23 -> 8030303.6 | Q23: =Q19-Q21 -> 10565972 | R23: =R19-R21 -> -2535668
H24: Adj for 13 mo average
D25: If Line 16 is greater than line 18 all NOL adjustment goes to Reg-Liability
A26: Calculation of rate change to Reg-Liability | D26: If Line 18 is greater than line 16 use calculation below | M26: Qualified Fed Effect | N26: Trial Bal Fed Effect
A27: Old Rate | F27: 0.35 | M27: =-I19*F27 -> -1478937.4 | N27: =-I21*F27 -> -2366421.2 | O27: Fed Effect of State NOL Old Rate
A28: New Rate | F28: 0.21 | H28: Federal Effect of State NOL | M28: =-I19*F28 -> -887362.42 | N28: =-I21*F28 -> -1419852.7 | O28: Fed Effect of State NOL New Rate
A29: Amount of NOL reduction | E29: =+E21/$F$27*($F$27-$F$28) -> 22970794 | I29: =-(I21*F27)/$F$27*($F$27-$F$28) -> -946568.47 | M29: =-M27+M28 -> 591574.95 | N29: =-N27+N28 -> 946568.47 | O29: Adjustment to NOL | Q29: =+Q21/$F$27*($F$27-$F$28) -> 22970794 | R29: =-(R21*F27)/$F$27*($F$27-$F$28) -> -946568.47
A30: Amount to Reg-Liability not including the Gross up | E30: =-E31+E29 -> 22970794 | I30: =-I31+I29 -> -591574.95 | Q30: =-Q31+Q29 -> 22970794 | R30: =-R31+R29 -> -591574.95
A31: Amount to Stay in Expense | E31: =IF(E19>E21,0,(-E23/F27*0.14)) -> 0 | I31: =-IF(M29<N29,N29-M29,N29) -> -354993.52 | Q31: =IF(Q19>Q21,0,(-Q23/F27*0.14)) -> 0 | R31: =-IF(M29<N29,N29-M29,N29) -> -354993.52
A33: Enter in to Provision FED Non Protected. | E33: =E30/0.14 -> 1.640771e+08 | I33: =I30/0.14 -> -4225535.3 | J33: =SUM(E33:I33) -> 1.5985156e+08 | Q33: =Q30/0.14 -> 1.640771e+08 | R33: =R30/0.14 -> -4225535.3 | S33: =SUM(Q33:R33) -> 1.5985156e+08 | T33: Excess Deferreds'!d21
R34: prov amount | S34: 159759850
A35: Actual adjustment | S35: =+S33-S34 -> 91711.853
A36: (credit) expense | E36: =-E30 -> -22970794 | I36: =-I30 -> 591574.95 | M36: =+E36+I36 -> -22379219 | P36: =+Q36+R36 -> -22379219 | Q36: =-Q30 -> -22970794 | R36: =-R30 -> 591574.95 | T36: Tax Re Liab | V36: =P37 -> 28328125
A37: Debit Tax re liability | E37: =-E36*$F$41 -> 29076954 | I37: =-I36*F41 -> -748829.05 | M37: =+E37+I37 -> 28328125 | P37: =+Q37+R37 -> 28328125 | Q37: =-Q36*F41 -> 29076954 | R37: =-R36*F41 -> -748829.05 | T37: Expense | W37: =P36 -> -22379219 | X37: =W37/0.14 -> -1.5985156e+08
A38: Credit DIT 190520DT2092 | E38: =-E37*0.21 -> -6106160.3 | I38: =-I37*0.21 -> 157254.1 | M38: =+E38+I38 -> -5948906.2 | P38: =+Q38+R38 -> -5948906.2 | Q38: =-Q37*0.21 -> -6106160.3 | R38: =-R37*0.21 -> 157254.1 | T38: DIT 190520DT2092 | W38: =P38 -> -5948906.2
A40: Note: Federal tax effect of State NOL adjustment is incorporated directly on Sched M-1 of Revenue Requirements model. | X40: =W40+V36 -> 28328125
E41: Gross up | F41: =1/(1-F28) -> 1.2658228 | T41: Tax Re Liab | V41: 28311872
T42: Expense | W42: -22366379
T43: DIT 190520DT2092 | W43: -5945493.2
T46: Tax Re Liab | V46: =+V36-V41 -> 16252.674
T47: Expense | W47: =+W37-W42 -> -12839.612
I48: Total Gross NOL | J48: =J33+H55 -> 1.9004005e+08 | T48: DIT 190520DT2092 | W48: =+W38-W43 -> -3413.0615
I49: NOL Old Rate | J49: =J48*0.35 -> 66514018
I50: NOL New Rate | J50: =J48*0.21 -> 39908411
J51: =J49-J50 -> 26605607
J52: 1.3272757
J53: =J51*J52 -> 35312975
H54: Gross Amount
D55: Excess NOL over Book | E55: =+E23 -> 10565972 | H55: =+E55/0.35 -> 30188490
A57: (credit) expense | D57: Amount of NOL reduction | E57: =-E55/$F$27*($F$27-$F$28) -> -4226388.6
A58: Debit Tax re liability | E58: =-E57*$F$41 -> 5349859
A59: Credit DIT 190520DT2092 | E59: =-E58*0.21 -> -1123470.4
